Workbook
Name LOWONESTORY: LOW!$A$9:$M$27
Name LOWTWOSTORY: LOW!$A$50:$M$68
Name Zone_impres_MI: Coût!$A$1:$J$83

Sheet Coût
A1: Adresse : | I1: Description : | J1: Unifamiliale
A2: Client : | E2: Mur extérieur | I2: Utilisation : | J2: Résidentiel
A3: Date : | B3: =NOW() -> 43017.909 | D3: 0.25 | E3: MASONRY VENEER | G3: =D3*B5 -> 150 | I3: Square foot : | J3: FAIR
A4: Évaluateur : | B4: XX | D4: 0.5 | E4: METAL OR VINYL SIDING | G4: =D4*B5 -> 300 | I4: Type: | J4: ONE STORY
A5: Sup. Habitable : | B5: 600 | D5: 0.25 | E5: STUCCO | G5: =D5*B5 -> 150 | I5: Ossature: | J5: STUD FRAMED
A6: Sup.S-S | B6: 1200
A7: Rev.Ext. | B7: STUCCO
A8: Âge réel | C8: 1991
A9: Âge effectif | C9: ='Dép. sujet'!F51 -> 1991 | D9: =YEAR(B3)-C9 -> 26
A10: Durée de vie économique restante | C10: =C11-'Dép. sujet'!F52 -> 29
A11: Vie économique typique | C11: 55
F12: QUANTITE | G12: COUT | H12: RESULTAT
A13: 1.COUT DE BASE DE LA RESIDENCE | F13: =B5 -> 600 | G13: =IF(AND(B7="PLYWOOD OR HARDBOARD",J3="LOW",J4="ONE STORY",J5="STUD FRAMED"),VLOOKUP(B5,LOW!A7:M27,2,TRUE),IF(AND(B7="METAL OR VINYL SIDING",J3="LOW",J4="ONE STORY",J5="STUD FRAMED"),VLOOKUP(B5,LOW!A7:M27,3,TRUE),IF(AND(B7="STUCCO",J3="LOW",J4="ONE STORY",J5="STUD FRAMED"),VLOOKUP(B5,LOW!A7:M27,4,TRUE),IF(AND(B7="WOOD SIDING",J3="LOW",J4="ONE STORY",J5="STUD FRAMED"),VLOOKUP(B5,LOW!A7:M27,5,TRUE),IF(AND(B7="WOOD SHINGLES",J3="LOW",J4="ONE STORY",J5="STUD FRAMED"),VLOOKUP(B5,LOW!A7:M27,6,TRUE),IF(AND(B7="SYNTH (EIFS)",J3="LOW",J4="ONE STORY",J5="STUD FRAMED"),VLOOKUP(B5,LOW!A7:M27,7,TRUE),IF(AND(B7="RUSTIC LOG",J3="LOW",J4="ONE STORY",J5="STUD FRAMED"),VLOOKUP(B5,LOW!A7:M27,8,TRUE),IF(AND(B7="MASONRY VENEER",J3="LOW",J4="ONE STORY",J5="STUD FRAMED"),VLOOKUP(B5,LOW!A7:M27,9,TRUE),IF(AND(B7="CONCRETE BLOCK",J3="LOW",J4="ONE STORY",J5="MASONRY"),VLOOKUP(B5,LOW!A7:M27,10,TRUE),IF(AND(B7="STUCCO ON BLOCK",J3="LOW",J4="ONE STORY",J5="MASONRY"),VLOOKUP(B5,LOW!A7:M27,11,TRUE),IF(AND(B7="COMMON L22BRICK",J3="LOW",J4="ONE STORY",J5="MASONRY"),VLOOKUP(B5,LOW!A7:M27,12,TRUE),IF(AND(B7="POURED CONCRETE (SIP FORMING)",J3="LOW",J4="ONE STORY",J5="MASONRY"),VLOOKUP(B5,LOW!A7:M27,13,TRUE),IF(AND(B7="PLYWOOD OR HARDBOARD",J3="FAIR",J4="ONE STORY",J5="STUD FRAMED"),VLOOKUP(B5,FAIR!A7:M27,2,TRUE),IF(AND(B7="METAL OR VINYL SIDING",J3="FAIR",J4="ONE STORY",J5="STUD FRAMED"),VLOOKUP(B5,FAIR!A7:M27,3,TRUE),IF(AND(B7="STUCCO",J3="FAIR",J4="ONE STORY",J5="STUD FRAMED"),VLOOKUP(B5,FAIR!A7:M27,4,TRUE),IF(AND(B7="WOOD SIDING",J3="FAIR",J4="ONE STORY",J5="STUD FRAMED"),VLOOKUP(B5,FAIR!A7:M27,5,TRUE),IF(AND(B7="WOOD SHINGLES",J3="FAIR",J4="ONE STORY",J5="STUD FRAMED"),VLOOKUP(B5,FAIR!A7:M27,6,TRUE),IF(AND(B7="SYNTH (EIFS)",J3="FAIR",J4="ONE STORY",J5="STUD FRAMED"),VLOOKUP(B5,FAIR!A7:M27,7,TRUE),IF(AND(B7="RUSTIC LOG",J3="FAIR",J4="ONE STORY",J5="STUD FRAMED"),VLOOKUP(B5,FAIR!A7:M27,8,TRUE),IF(AND(B7="MASONRY VENEER",J3="FAIR",J4="ONE STORY",J5="STUD FRAMED"),VLOOKUP(B5,FAIR!A7:M27,9,TRUE),IF(AND(B7="CONCRETE BLOCK",J3="FAIR",J4="ONE STORY",J5="MASONRY"),VLOOKUP(B5,FAIR!A7:M27,10,TRUE),IF(AND(B7="STUCCO ON BLOCK",J3="FAIR",J4="ONE STORY",J5="MASONRY"),VLOOKUP(B5,FAIR!A7:M27,11,TRUE),IF(AND(B7="COMMON BRICK",J3="FAIR",J4="ONE STORY",J5="MASONRY"),VLOOKUP(B5,FAIR!A7:M27,12,TRUE),IF(AND(B7="POURED CONCRETE (SIP FORMING)",J3="FAIR",J4="ONE STORY",J5="MASONRY"),VLOOKUP(B5,FAIR!A7:M27,13,TRUE),IF(AND(B7="PLYWOOD OR HARDBOARD",J3="AVG",J4="ONE STORY",J5="STUD FRAMED"),VLOOKUP(B5,AVG!A7:M27,2,TRUE),IF(AND(B7="METAL OR VINYL SIDING",J3="AVG",J4="ONE STORY",J5="STUD FRAMED"),VLOOKUP(B5,AVG!A7:M27,3,TRUE),IF(AND(B7="STUCCO",J3="AVG",J4="ONE STORY",J5="STUD FRAMED"),VLOOKUP(B5,AVG!A7:M27,4,TRUE),IF(AND(B7="WOOD SIDING",J3="AVG",J4="ONE STORY",J5="STUD FRAMED"),VLOOKUP(B5,AVG!A7:M27,5,TRUE),IF(AND(B7="WOOD SHINGLES",J3="AVG",J4="ONE STORY",J5="STUD FRAMED"),VLOOKUP(B5,AVG!A7:M27,6,TRUE),IF(AND(B7="SYNTH (EIFS)",J3="AVG",J4="ONE STORY",J5="STUD FRAMED"),VLOOKUP(B5,AVG!A7:M27,7,TRUE),IF(AND(B7="RUSTIC LOG",J3="AVG",J4="ONE STORY",J5="STUD FRAMED"),VLOOKUP(B5,AVG!A7:M27,8,TRUE),IF(AND(B7="MASONRY VENEER",J3="AVG",J4="ONE STORY",J5="STUD FRAMED"),VLOOKUP(B5,AVG!A7:M27,9,TRUE),IF(AND(B7="CONCRETE BLOCK",J3="AVG",J4="ONE STORY",J5="MASONRY"),VLOOKUP(B5,AVG!A7:M27,10,TRUE),IF(AND(B7="STUCCO ON BLOCK",J3="AVG",J4="ONE STORY",J5="MASONRY"),VLOOKUP(B5,AVG!A7:M27,11,TRUE),IF(AND(B7="COMMON BRICK",J3="AVG",J4="ONE STORY",J5="MASONRY"),VLOOKUP(B5,AVG!A7:M27,12,TRUE),IF(AND(B7="POURED CONCRETE (SIP FORMING)",J3="AVG",J4="ONE STORY",J5="MASONRY"),VLOOKUP(B5,AVG!A7:M27,13,TRUE),IF(AND(B7="PLYWOOD OR HARDBOARD",J3="GOOD",J4="ONE STORY",J5="STUD FRAMED"),VLOOKUP(B5,GOOD!A7:M27,2,TRUE),IF(AND(B7="METAL OR VINYL SIDING",J3="GOOD",J4="ONE STORY",J5="STUD FRAMED"),VLOOKUP(B5,GOOD!A7:M27,3,TRUE),IF(AND(B7="STUCCO",J3="GOOD",J4="ONE STORY",J5="STUD FRAMED"),VLOOKUP(B5,GOOD!A7:M27,4,TRUE),IF(AND(B7="WOOD SIDING",J3="GOOD",J4="ONE STORY",J5="STUD FRAMED"),VLOOKUP(B5,GOOD!A7:M27,5,TRUE),IF(AND(B7="WOOD SHINGLES",J3="GOOD",J4="ONE STORY",J5="STUD FRAMED"),VLOOKUP(B5,GOOD!A7:M27,6,TRUE),IF(AND(B7="SYNTH (EIFS)",J3="GOOD",J4="ONE STORY",J5="STUD FRAMED"),VLOOKUP(B5,GOOD!A7:M27,7,TRUE),IF(AND(B7="RUSTIC LOG",J3="GOOD",J4="ONE STORY",J5="STUD FRAMED"),VLOOKUP(B5,GOOD!A7:M27,8,TRUE),IF(AND(B7="MASONRY VENEER",J3="GOOD",J4="ONE STORY",J5="STUD FRAMED"),VLOOKUP(B5,GOOD!A7:M27,9,TRUE),IF(AND(B7="CONCRETE BLOCK",J3="GOOD",J4="ONE STORY",J5="MASONRY"),VLOOKUP(B5,GOOD!A7:M27,10,TRUE),IF(AND(B7="STUCCO ON BLOCK",J3="GOOD",J4="ONE STORY",J5="MASONRY"),VLOOKUP(B5,GOOD!A7:M27,11,TRUE),IF(AND(B7="COMMON BRICK",J3="GOOD",J4="ONE STORY",J5="MASONRY"),VLOOKUP(B5,GOOD!A7:M27,12,TRUE),IF(AND(B7="POURED CONCRETE (SIP FORMING)",J3="GOOD",J4="ONE STORY",J5="MASONRY"),VLOOKUP(B5,GOOD!A7:M27,13,TRUE),IF(AND(B7="PLYWOOD OR HARDBOARD",J3="V.GOOD",J4="ONE STORY",J5="STUD FRAMED"),VLOOKUP(B5,V.GOOD!A7:M27,2,TRUE),IF(AND(B7="METAL OR VINYL SIDING",J3="V.GOOD",J4="ONE STORY",J5="STUD FRAMED"),VLOOKUP(B5,V.GOOD!A7:M27,3,TRUE),IF(AND(B7="STUCCO",J3="V.GOOD",J4="ONE STORY",J5="STUD FRAMED"),VLOOKUP(B5,V.GOOD!A7:M27,4,TRUE),IF(AND(B7="WOOD SIDING",J3="V.GOOD",J4="ONE STORY",J5="STUD FRAMED"),VLOOKUP(B5,V.GOOD!A7:M27,5,TRUE),IF(AND(B7="WOOD SHINGLES",J3="V.GOOD",J4="ONE STORY",J5="STUD FRAMED"),VLOOKUP(B5,V.GOOD!A7:M27,6,TRUE),IF(AND(B7="SYNTH (EIFS)",J3="V.GOOD",J4="ONE STORY",J5="STUD FRAMED"),VLOOKUP(B5,V.GOOD!A7:M27,7,TRUE),IF(AND(B7="RUSTIC LOG",J3="V.GOOD",J4="ONE STORY",J5="STUD FRAMED"),VLOOKUP(B5,V.GOOD!A7:M27,8,TRUE),IF(AND(B7="MASONRY VENEER",J3="V.GOOD",J4="ONE STORY",J5="STUD FRAMED"),VLOOKUP(B5,V.GOOD!A7:M27,9,TRUE),IF(AND(B7="CONCRETE BLOCK",J3="V.GOOD",J4="ONE STORY",J5="MASONRY"),VLOOKUP(B5,V.GOOD!A7:M27,10,TRUE),IF(AND(B7="STUCCO ON BLOCK",J3="V.GOOD",J4="ONE STORY",J5="MASONRY"),VLOOKUP(B5,V.GOOD!A7:M27,11,TRUE),IF(AND(B7="COMMON BRICK",J3="V.GOOD",J4="ONE STORY",J5="MASONRY"),VLOOKUP(B5,V.GOOD!A7:M27,12,TRUE),IF(AND(B7="POURED CONCRETE (SIP FORMING)",J3="V.GOOD",J4="ONE STORY",J5="MASONRY"),VLOOKUP(B5,V.GOOD!A7:M27,13,TRUE))))))))))))))))))))))))))))))))))))))))))))))))))))))))))))) -> 87.42 | H13: =G13*F13 -> 52452 | K13: étape 1
A15: 2.TOITURE | F15: =B5 -> 600
F16: 0
A17: 3.PLANCHER STRUCTURAL : | C17: bois (base) | F17: 0 | G17: 0 | H17: =F17*G17 -> 0
C18: dalle de beton | F18: 0 | G18: -1.77 | H18: =F18*G18 -> 0
A19: 4.COUVRE PLANCHER : | C19: tapis | E19: 0 | F19: =E19*$B$5 -> 0 | G19: 2 | H19: =F19*G19 -> 0 | J19: =F19+F20+F21+F22+F23 -> 0
C20: vinyle | E20: 0 | F20: =E20*$B$5 -> 0 | G20: 2 | H20: =F20*G20 -> 0
C21: bois dur | E21: 0 | F21: =E21*$B$5 -> 0 | G21: 6 | H21: =F21*G21 -> 0
C22: céramique | E22: 0 | F22: =E22*$B$5 -> 0 | G22: 5 | H22: =F22*G22 -> 0
C23: Parqueterie et flottant | E23: 0 | F23: =E23*$B$5 -> 0 | G23: 2.5 | H23: =F23*G23 -> 0
A24: 5.PLOMBERIE : | C24: 6 accessoires + sortie(base) | F24: 0 | G24: 0 | H24: =F24*G24 -> 0
A25: Base | B25: =IF(J3="LOW",5,IF(J3="FAIR",6,IF(J3="AVG",8,IF(J3="GOOD",11,IF(J3="V.GOOD",14,0))))) -> 6 | C25: par accessoire | F25: 2 | G25: 1080 | H25: =F25*G25 -> 2160
A26: Total | C26: par sortie | F26: 0 | G26: 485 | H26: =F26*G26 -> 0
A27: 6.FOYER : | C27: simple, ...$1775-2175 | F27: 1 | G27: 2500 | H27: =F27*G27 -> 2500
C28: double, ...$1550-$2375. | F28: 0 | G28: 5000 | H28: =F28*G28 -> 0
A29: 7.CHAUFFAGE : | C29: air chaud force (base) | F29: 0 | G29: 0.75 | H29: =F29*G29 -> 0
C30: eau chaude (électricité) | F30: 0 | G30: 2.01 | H30: =F30*G30 -> 0
C31: plinthes electrique | F31: 1276 | G31: -0.42 | H31: =F31*G31 -> -535.92
C32: Unité climatisation centrale | F32: 0 | G32: 1 | H32: =F32*G32 -> 0
A33: 8.ENERGIE AJUSTEMENT : | C33: Extreme climate | F33: =B5 -> 600 | G33: =IF(AND(C33="Mild climate",J3="AVG",J4="ONE STORY"),LOW!I33,IF(AND(C33="Extreme climate",J3="AVG",J4="ONE STORY"),LOW!I34,IF(AND(C33="Superinsulated",J3="AVG",J4="ONE STORY"),LOW!I35,"ERROR"))) -> ERROR | H33: =F33*G33 -> 0
A34: 9.FONDATION AJUSTEMENT : | C34: Extreme climate | F34: =B6 -> 1200 | G34: =IF(AND(C34="Mild climate",J3="AVG",J4="ONE STORY"),LOW!I37,IF(AND(C34="Extreme climate",J3="AVG",J4="ONE STORY"),LOW!I38,IF(AND(C34="Hillside, moderate slope",J3="AVG",J4="ONE STORY"),LOW!I38,IF(AND(C34="Hillside, steep slope",J3="AVG",J4="ONE STORY"),LOW!I39,"ERROR")))) -> ERROR | H34: =F34*G34 -> 0
A35: 10.ENCASTREMENT: | C35: accessoires de cuisine | F35: 0 | G35: 1.23 | H35: =F35*G35 -> 0
C36: climatiseur mural | F36: 1 | G36: 1500 | H36: =F36*G36 -> 1500
C37: aspirateur central | F37: 1 | G37: 800 | H37: =F37*G37 -> 800
C38: systeme d'alarme | F38: 0 | G38: 500 | H38: =F38*G38 -> 0
C39: hotte | F39: 1 | G39: 150 | H39: =F39*G39 -> 150
C40: bain tourbillon | F40: 0 | G40: 0 | H40: =F40*G40 -> 0
C41: puit artésiens | F41: 0 | G41: 6000 | H41: =F41*G41 -> 0
C42: fosse septique et champ d'épuration | F42: 1 | G42: 10000 | H42: =F42*G42 -> 10000
D43: SOUS-TOTAL | I43: =SUM(H13:H42) -> 69026.08
A44: 11.SOUS-SOL: | C44: entree de cave | F44: 1 | G44: 1950 | H44: =F44*G44 -> 1950
C45: sous-sol | F45: 896 | G45: 22.93 | H45: =F45*G45 -> 20545.28
C46: finition | F46: =0.75*F45 -> 672 | G46: 26.91 | H46: =F46*G46 -> 18083.52
D47: TOTAL DU SOUS-SOL | I47: =SUM(H44:H46) -> 40578.8
A48: 12.ANNEXES: | C48: Perron avant | F48: 60 | G48: 29.98 | H48: =F48*G48 -> 1798.8
C49: Galerie arrière | D49: toit | F49: 560 | G49: =12.29+11.56+4.3 -> 28.15 | H49: =F49*G49 -> 15764
G50: 8.97 | H50: =F50*G50 -> 0
C51: Slab béton | G51: 6.16 | H51: =F51*G51 -> 0
C52: Escalier arrière béton | G52: 0 | H52: 3125
C53: Garage intégré et abri d'auto | F53: 965 | G53: =19.37+7.44 -> 26.81 | H53: =F53*G53 -> 25871.65
D54: TOTAL DES ANNEXES | I54: =SUM(H48:H54) -> 46559.45
D55: GRAND TOTAL : | I55: =I43+I47+I54 -> 156164.33
D56: FACTEUR DE CONVERSION : | I56: 1
D57: FACTEUR LOCAL : | H57: 06-2011 | I57: 1.23
D59: COUT DE REMPLACEMENT DE LA PROPRIETE (taxes incluses) : | I59: =I55*I56*I57 -> 192082.13
D60: TAUX UNITAIRE (P.C.) : | I60: =I59/F13 -> 320.13688
D62: COÛT APRÈS RETOUR DE TAXES : | G62: - résidence | H62: =+F74 -> 179961.98 | I62: =+F74/F13 -> 299.93664 | J62: taux pondéré
G63: - garage | H63: =E69 -> 18146.946 | I63: =H63/F65 -> 41.717117 | J63: taux pondéré
A65: 13.GARAGE: | B65: Inclus | F65: 435 | G65: =26.62+8.01 -> 34.63 | H65: =F65*G65+G66 -> 15724.05
B66: FACTEUR DE CONVERSION: | E66: =I56 -> 1 | G66: 660
B67: FACTEUR LOCAL: | E67: =I57 -> 1.23
B68: COUT DE REMPLACEMENT DU GARAGE: | E68: =H65*E66*E67 -> 19340.582 | F68: DÉPRÉCIATION
B69: COÛT APRÈS RETOUR DE TAXES | E69: =C80 -> 18146.946 | F69: =F77 -> 0.29
B70: COÜT DEPRÉCIÉ | I70: =E69*(1-F69) -> 12884.332
A72: Crédit de taxes | C72: SOMMAIRE
B73: résidence | C73: garage | D73: VALEUR DU TERRAIN: | F73: 13696 | G73: 4.6 | H73: =G73*F73 -> 63001.6 | J73: =H73 -> 63001.6
A74: Avant taxes | B74: =I59/(1+C82)/(1+C83) -> 166342.68 | C74: =E68/(1+C82)/(1+C83) -> 16748.899 | D74: VALEUR DE LA BATISSE : | F74: =B80 -> 179961.98
A75: TPS | B75: =B74*C82 -> 8317.1338 | C75: =C74*C82 -> 837.44494 | F75: Physique | G75: Fonctionnel | I75: Économique
A76: Retour TPS | B76: =B75*0.36 -> 2994.1682 | C76: =C75*0.36 -> 301.48018
A77: Sous-total | B77: =B74+B75-B76 -> 171665.64 | C77: =C74+C75-C76 -> 17284.864 | D77: DÉPRÉCIATION | F77: =IF(C11=55,VLOOKUP(D9,DEP!A1:M70,6,FALSE),VLOOKUP(D9,DEP!A1:M70,4,FALSE)) -> 0.29 | G77: 0.05 | I77: 0
A78: TVQ | B78: =B74*C83 -> 16592.682 | C78: =C77*C83 -> 1724.1651 | D78: TOTAL BÂTISSE : | H78: =F74*(1-F77)*(1-G77) -> 121384.36 | I78: =J78/B5 -> 202.30726 | J78: =+H78*(1-I77) -> 121384.36
A79: Retour TVQ | B79: =B78*0.5 -> 8296.341 | C79: =C78*0.5 -> 862.08257 | D79: GARAGE: | H79: =ROUNDUP(I70,-3) -> 13000 | J79: =H79 -> 13000
A80: Total | B80: =B77+B78-B79 -> 179961.98 | C80: =C77+C78-C79 -> 18146.946 | D80: AMELIORATION AU SOL : | H80: 3000 | J80: =H80 -> 3000
D81: AUTRES: | E81: Remise et garage vieux | H81: 0 | J81: =H81 -> 0
A82: TPS | B82: 350 000 $ - 450 000 $ | C82: 0.05 | D82: AUTRES: | E82: Piscine | H82: 0 | J82: =H82 -> 0
A83: TVQ | B83: 200 000 $ - 300 000 $ | C83: 0.09975 | D83: VALEUR INDIQUEE PAR L'APPROCHE: | H83: =SUM(H73:H82) -> 200385.96 | J83: =SUM(J73:J82) -> 200385.96

Sheet LOW
A1: ONE STORY | L1: Square Foot Costs
L2: Low Quality
A4: RESIDENCE | O4: Liste | R4: Liste S.F. | T4: Liste année de construction
O5: =B7 -> PLYWOOD OR HARDBOARD | R5: LOW | T5: 1800
A6: STUD FRAMED | J6: MASONRY | O6: =C7 -> METAL OR VINYL SIDING | R6: FAIR | T6: 1900
A7: TOTAL AREA | B7: PLYWOOD OR HARDBOARD | C7: METAL OR VINYL SIDING | D7: STUCCO | E7: WOOD SIDING | F7: WOOD SHINGLES | G7: SYNTH (EIFS) | H7: RUSTIC LOG | I7: MASONRY VENEER | J7: CONCRETE BLOCK | K7: STUCCO ON BLOCK | L7: COMMON BRICK | O7: =D7 -> STUCCO | R7: AVG | T7: 1901
O8: =E7 -> WOOD SIDING | R8: GOOD | T8: 1902
A9: 400 | B9: 86.66 | C9: 86.73 | D9: 88.24 | E9: 87.05 | F9: 88.64 | G9: 91.17 | H9: 93.77 | I9: 95.87 | J9: 89.95 | K9: 92.8 | L9: 104.08 | M9: 97.94 | O9: =F7 -> WOOD SHINGLES | R9: V.GOOD | T9: 1903
A10: 500 | B10: 82.23 | C10: 82.4 | D10: 83.76 | E10: 82.69 | F10: 84.12 | G10: 86.41 | H10: 88.77 | I10: 90.67 | J10: 85.42 | K10: 88.02 | L10: 97.99 | M10: 92.75 | O10: =G7 -> SYNTH (EIFS) | R10: EXCELLENT | T10: 1904
A11: 600 | B11: 78.96 | C11: 79.02 | D11: 80.28 | E11: 79.29 | F11: 80.61 | G11: 82.71 | H11: 84.89 | I11: 86.63 | J11: 81.89 | K11: 84.3 | L11: 93.28 | M11: 88.71 | O11: RUSTIC LOG | T11: 1905
A12: 700 | B12: 76.21 | C12: 76.27 | D12: 77.44 | E12: 76.52 | F12: 77.75 | G12: 79.7 | H12: 81.73 | I12: 83.35 | J12: 79.02 | K12: 81.28 | L12: 89.48 | M12: 85.44 | O12: MASONRY VENEER | T12: 1906
A13: 800 | B13: 73.91 | C13: 73.97 | D13: 75.06 | E13: 74.2 | F13: 75.35 | G13: 77.19 | H13: 79.1 | I13: 80.62 | J13: 76.62 | K13: 78.75 | L13: 86.31 | M13: 82.7 | O13: CONCRETE BLOCK | T13: 1907
A14: 900 | B14: 71.94 | C14: 71.99 | D14: 73.03 | E14: 72.21 | F14: 73.3 | G14: 75.04 | H14: 76.84 | I14: 78.28 | J14: 74.56 | K14: 76.58 | L14: 83.61 | M14: 80.36 | O14: STUCCO ON BLOCK | T14: 1908
A15: 1000 | B15: 70.22 | C15: 70.27 | D15: 71.25 | E15: 70.48 | F15: 71.51 | G15: 73.16 | H15: 74.88 | I15: 76.24 | J15: 72.76 | K15: 74.69 | L15: 81.26 | M15: 78.32 | O15: COMMON BRICK | T15: 1909
A16: 1100 | B16: 68.7 | C16: 68.75 | D16: 69.69 | E16: 68.95 | F16: 69.93 | G16: 71.51 | H16: 73.15 | I16: 74.45 | J16: 71.18 | K16: 73.02 | L16: 79.2 | M16: 76.52 | O16: POURED CONCRETE (SIP FORMING) | T16: 1910
A17: 1200 | B17: 67.34 | C17: 67.79 | D17: 68.29 | E17: 67.58 | F17: 68.52 | G17: 70.03 | H17: 71.6 | I17: 72.85 | J17: 69.76 | K17: 71.53 | L17: 77.36 | M17: 74.91 | T17: 1911
A18: 1300 | B18: 66.12 | C18: 66.16 | D18: 67.02 | E18: 66.34 | F18: 67.25 | G18: 68.69 | H18: 70.21 | I18: 71.4 | J18: 68.48 | K18: 70.19 | L18: 75.7 | M18: 73.46 | O18: Liste Type | R18: Liste ossature | T18: 1912
A19: 1400 | B19: 65 | C19: 65.04 | D19: 65.87 | E19: 65.22 | F19: 66.09 | G19: 67.48 | H19: 68.94 | I19: 70.09 | J19: 67.32 | K19: 68.97 | L19: 74.2 | M19: 72.14 | O19: ONE STORY | R19: STUD FRAMED | T19: 1913
A20: 1600 | B20: 63.04 | C20: 63.08 | D20: 63.85 | E20: 63.24 | F20: 64.06 | G20: 65.35 | H20: 66.72 | I20: 67.79 | J20: 65.27 | K20: 66.82 | L20: 71.57 | M20: 69.83 | O20: TWO STORY | R20: MASONRY | T20: 1914
A21: 1800 | B21: 61.36 | C21: 61.39 | D21: 62.12 | E21: 61.55 | F21: 62.31 | G21: 63.53 | H21: 64.81 | I21: 65.82 | J21: 63.51 | K21: 64.98 | L21: 69.33 | M21: 67.85 | O21: TWO STORY BI-LEVEL | T21: 1915
A22: 2000 | B22: 59.89 | C22: 59.93 | D22: 60.61 | E22: 60.07 | F22: 60.79 | G22: 61.94 | H22: 63.16 | I22: 64.11 | J22: 61.98 | K22: 63.38 | L22: 67.39 | M22: 66.13 | O22: 1/2 STORY | T22: 1916
A23: 2200 | B23: 58.6 | C23: 58.63 | D23: 59.28 | E23: 58.77 | F23: 59.45 | G23: 60.54 | H23: 61.7 | I23: 62.6 | J23: 60.63 | K23: 61.97 | L23: 65.67 | M23: 64.61
A24: 2400 | B24: 57.44 | C24: 57.47 | D24: 58.09 | E24: 57.6 | F24: 58.25 | G24: 59.29 | H24: 60.39 | I24: 61.26 | J24: 59.42 | K24: 60.7 | L24: 64.15 | M24: 63.25 | O24: 2 1/2 STORY | T24: 1917
A25: 2600 | B25: 56.39 | C25: 56.42 | D25: 57.01 | E25: 56.55 | F25: 57.17 | G25: 58.16 | H25: 59.22 | I25: 60.04 | J25: 58.33 | K25: 59.56 | L25: 62.78 | M25: 62.03 | O25: SPLIT | T25: 1918
A26: 2800 | B26: 55.44 | C26: 55.47 | D26: 56.04 | E26: 55.59 | F26: 56.19 | G26: 57.14 | H26: 58.15 | I26: 58.94 | J26: 57.34 | K26: 58.53 | L26: 61.53 | M26: 60.91 | T26: 1919
A27: 3000 | B27: 54.57 | C27: 54.6 | D27: 55.14 | E27: 54.71 | F27: 55.28 | G27: 56.2 | H27: 57.17 | I27: 57.93 | J27: 56.43 | K27: 57.58 | L27: 60.4 | M27: 59.9 | T27: 1920
A28: SQUARE FOOT ADJUSTMENTS | T28: 1922
T29: 1923
A30: ROOFING: | F30: ENERGY ADJUSTMENTS: | T30: 1924
T31: 1925
A32: Composition shingle or Built-up, small rock | E32: ( BASE ) | F32: Moderate climate | I32: ( BASE ) | J32: Add for SEISMIC ZONES (Z)/HURRICANE | T32: 1926
A33: Clay tile | E33: 6.22 | F33: Mild climate | I33: -1.33 | J33: Frame (Z2) | L33: 1.94 | T33: 1927
A34: Concrete tile | E34: 4.42 | F34: Extreme climate | I34: 2.17 | J34: Frame (Z3-4/WIND) | L34: 3.05 | T34: 1928
A35: Metal, performed | E35: 0.11 | F35: Superinsulated | I35: 4 | J35: WIND ADJUSTEMENTS | T35: 1929
A36: Wood shake | E36: 2.22 | F36: FOUNDATION ADJ: Mod.Climate | I36: ( BASE ) | J36: Masonry (Z2) | L36: 1.76 | T36: 1930
A37: Wood shingle | E37: 1.93 | F37: Mild climate | I37: -2.88 | J37: Masonry (Z3-4/WIND) | L37: 2.6 | T37: 1931
A38: Composition roll | E38: -0.84 | F38: Extreme climate | I38: 5.84 | T38: 1932
F39: Hillside, moderate slope | I39: 2.63 | T39: 1933
F40: Hillside, steep slope | I40: 8.47 | T40: 1934
T41: 1935
A42: =O20 -> TWO STORY | L42: Square Foot Costs | T42: 1936
L43: Low Quality | T43: 1937
T44: 1938
A45: RESIDENCE | T45: 1939
T46: 1940
A47: STUD FRAMED | J47: MASONRY | T47: 1941
A48: TOTAL AREA | B48: PLYWOOD OR HARDBOARD | C48: METAL OR VINYL SIDING | D48: STUCCO | E48: WOOD SIDING | F48: WOOD SHINGLES | G48: SYNTH (EPS) | H48: RUSTIC LOG | I48: MASONRY VENEER | J48: CONCRETE BLOCK | K48: STUCCO ON BLOCK | L48: COMMON BRICK | M48: POURED CONCRETE (SIP FORMING) | T48: 1942
T49: 1943
A50: 800 | B50: 71.39 | C50: 71.46 | D50: 72.95 | E50: 71.78 | F50: 73.34 | G50: 75.83 | H50: 78.39 | I50: 79.61 | J50: 73.89 | K50: 76.73 | L50: 85.15 | M50: 82.67 | T50: 1944
A51: 900 | B51: 69.48 | C51: 69.55 | D51: 70.96 | E51: 69.85 | F51: 71.33 | G51: 73.69 | H51: 76.09 | I51: 77.06 | J51: 72.04 | K51: 74.74 | L51: 82.71 | M51: 80.33 | T51: 1945
A52: 1000 | B52: 67.81 | C52: 67.88 | D52: 69.22 | E52: 68.17 | F52: 69.58 | G52: 71.82 | H52: 74.08 | I52: 74.84 | J52: 70.43 | K52: 73 | L52: 80.59 | M52: 78.28 | T52: 1946
A53: 1100 | B53: 66.34 | C53: 66.41 | D53: 67.69 | E53: 66.68 | F53: 68.03 | G53: 70.18 | H53: 72.32 | I53: 72.9 | J53: 69 | K53: 71.46 | L53: 78.72 | M53: 76.48 | T53: 1947
A54: 1200 | B54: 65.03 | C54: 65.09 | D54: 66.32 | E54: 65.35 | F54: 66.65 | G54: 68.71 | H54: 70.74 | I54: 71.16 | J54: 67.73 | K54: 70.08 | L54: 77.05 | M54: 74.87 | T54: 1948
A55: 1300 | B55: 63.84 | C55: 63.9 | D55: 65.09 | E55: 64.15 | F55: 65.4 | G55: 67.38 | H55: 69.32 | I55: 69.6 | J55: 66.57 | K55: 68.84 | L55: 75.55 | M55: 73.42 | T55: 1949
A56: 1400 | B56: 62.76 | C56: 62.82 | D56: 63.96 | E56: 63.06 | F56: 64.26 | G56: 66.18 | H56: 68.03 | I56: 68.19 | J56: 65.52 | K56: 67.71 | L56: 74.18 | M56: 72.11 | T56: 1950
A57: 1500 | B57: 61.77 | C57: 61.83 | D57: 62.94 | E57: 62.06 | F57: 63.23 | G57: 65.08 | H57: 66.86 | I57: 66.9 | J57: 64.56 | K57: 66.67 | L57: 72.93 | M57: 70.9 | T57: 1951
A58: 1600 | B58: 60.86 | C58: 60.92 | D58: 61.99 | E58: 61.15 | F58: 62.27 | G58: 64.06 | H58: 65.77 | I58: 65.71 | J58: 63.67 | K58: 65.72 | L58: 71.78 | M58: 69.79 | T58: 1952
A59: 1700 | B59: 60.02 | C59: 60.07 | D59: 61.11 | E59: 60.29 | F59: 61.39 | G59: 63.12 | H59: 64.77 | I59: 64.62 | J59: 62.85 | K59: 64.84 | L59: 72.93 | M59: 68.77 | T59: 1953
A60: 1800 | B60: 59.24 | C60: 59.29 | D60: 60.3 | E60: 59.5 | F60: 60.56 | G60: 62.25 | H60: 63.84 | I60: 63.61 | J60: 62.08 | K60: 64.01 | L60: 71.78 | M60: 67.81 | T60: 1954
A61: 1900 | B61: 58.5 | C61: 58.55 | D61: 59.54 | E61: 58.76 | F61: 59.79 | G61: 61.44 | H61: 62.97 | I61: 62.66 | J61: 61.36 | K61: 63.24 | L61: 70.72 | M61: 66.92 | T61: 1955
... A68: 3000 | B68: 52.67 | C68: 52.71 | D68: 53.48 | E68: 52.87 | F68: 53.68 | G68: 54.98 | H68: 56.09 | I68: 55.22 | J68: 55.63 | K68: 57.11 | L68: 61.48 | M68: 59.86 | T68: 1962
A69: SQUARE FOOT ADJUSTMENTS | T69: 1963
T70: 1964
A71: ROOFING: | F71: ENERGY ADJUSTMENTS: | T71: 1965
T72: 1966
A73: Composition shingle or Built-up, small rock | E73: ( BASE ) | F73: Moderate climate | I73: ( BASE ) | J73: Add for SEISMIC ZONES (Z)/HURRICANE | T73: 1967
A74: Clay tile | E74: 3.48 | F74: Mild climate | I74: -1.49 | J74: Frame (Z2) | L74: 2.23 | T74: 1968
A75: Concrete tile | E75: 2.48 | F75: Extreme climate | I75: 2.08 | J75: Frame (Z3-4/WIND) | L75: 3.31 | T75: 1969
A76: Metal, performed | E76: 0.07 | F76: Superinsulated | I76: 4.39 | J76: WIND ADJUSTEMENTS | T76: 1970
A77: Wood shake | E77: 1.24 | F77: FOUNDATION ADJ: Mod.Climate | I77: ( BASE ) | J77: Masonry (Z2) | L77: 1.99 | T77: 1971
A78: Wood shingle | E78: 1.08 | F78: Mild climate | I78: -2.23 | J78: Masonry (Z3-4/WIND) | L78: 2.73 | T78: 1972
A79: Composition roll | E79: -0.47 | F79: Extreme climate | I79: 4.11 | T79: 1973
F80: Hillside, moderate slope | I80: 1.85 | T80: 1974
F81: Hiillside, steep slope | I81: 5.96 | T81: 1975
T82: 1976
T83: 1977
A84: =O21 -> TWO STORY BI-LEVEL | L84: Square Foot Costs | T84: 1978
L85: Low Quality | T85: 1979
T86: 1980
A87: RESIDENCE | T87: 1981
T88: 1982
A89: STUD FRAMED | J89: MASONRY | T89: 1983
A90: TOTAL AREA | B90: PLYWOOD OR HARDBOARD | C90: METAL OR VINYL SIDING | D90: STUCCO | E90: WOOD SIDING | F90: WOOD SHINGLES | G90: SYNTH (EPS) | H90: RUSTIC LOG | I90: MASONRY VENEER | J90: CONCRETE BLOCK | K90: STUCCO ON BLOCK | L90: COMMON BRICK | M90: POURED CONCRETE (SIP FORMING) | T90: 1984
T91: 1985
A92: 600 | T92: 1986
A93: 800 | T93: 1987
A94: 1000 | T94: 1988
A95: 1200 | T95: 1989
A96: 1300 | T96: 1990
A97: 1400 | T97: 1991
A98: 1500 | T98: 1992
A99: 1600 | T99: 1993
A100: 1700 | T100: 1994
A101: 1800 | T101: 1995
A102: 1900 | T102: 1996
A103: 2000 | T103: 1997
... A110: 3200 | T110: 2004
A111: SQUARE FOOT ADJUSTMENTS | T111: 2005
T112: 2006
A113: ROOFING: | F113: ENERGY ADJUSTMENTS: | T113: 2007
...

Sheet FAIR
A1: ONE STORY | L1: Square Foot Costs
L2: Fair Quality
A4: RESIDENCE | O4: Liste | R4: Liste S.F. | T4: Liste année de construction
O5: =B7 -> PLYWOOD OR HARDBOARD | R5: LOW | T5: 1800
A6: STUD FRAMED | J6: MASONRY | O6: =C7 -> METAL OR VINYL SIDING | R6: FAIR | T6: 1900
A7: TOTAL AREA | B7: PLYWOOD OR HARDBOARD | C7: METAL OR VINYL SIDING | D7: STUCCO | E7: WOOD SIDING | F7: WOOD SHINGLES | G7: SYNTH (EPS) | H7: RUSTIC LOG | I7: MASONRY VENEER | J7: CONCRETE BLOCK | K7: STUCCO ON BLOCK | L7: COMMON BRICK | O7: =D7 -> STUCCO | R7: AVG | T7: 1901
O8: =E7 -> WOOD SIDING | R8: GOOD | T8: 1902
A9: 600 | B9: 85.86 | C9: 85.97 | D9: 87.42 | E9: 86.67 | F9: 87.72 | G9: 89.95 | H9: 94.17 | I9: 94.52 | J9: 90.85 | K9: 93.47 | L9: 104.99 | M9: 99.47 | O9: =F7 -> WOOD SHINGLES | R9: V.GOOD | T9: 1903
A10: 700 | B10: 83.41 | C10: 83.52 | D10: 84.89 | E10: 84.18 | F10: 85.18 | G10: 87.29 | H10: 91.28 | I10: 91.62 | J10: 88.17 | K10: 90.65 | L10: 101.39 | M10: 96.18 | O10: =G7 -> SYNTH (EPS) | R10: EXCELLENT | T10: 1904
A11: 800 | B11: 81.35 | C11: 81.44 | D11: 82.76 | E11: 82.08 | F11: 83.04 | G11: 85.06 | H11: 88.86 | I11: 89.18 | J11: 85.91 | K11: 88.27 | L11: 98.36 | M11: 93.41 | O11: RUSTIC LOG | T11: 1905
A12: 900 | B12: 79.57 | C12: 79.66 | D12: 80.93 | E12: 80.27 | F12: 81.19 | G12: 83.13 | H12: 86.77 | I12: 87.08 | J12: 83.97 | K12: 86.23 | L12: 95.77 | M12: 91.03 | O12: MASONRY VENEER | T12: 1906
A13: 1000 | B13: 78.01 | C13: 78.1 | D13: 79.32 | E13: 78.68 | F13: 79.57 | G13: 81.44 | H13: 84.95 | I13: 85.24 | J13: 82.27 | K13: 84.44 | L13: 93.51 | M13: 88.96 | O13: CONCRETE BLOCK | T13: 1907
A14: 1100 | B14: 76.62 | C14: 76.71 | D14: 77.89 | E14: 77.28 | F14: 78.14 | G14: 79.95 | H14: 83.33 | I14: 83.61 | J14: 80.76 | K14: 82.85 | L14: 91.51 | M14: 87.12 | O14: STUCCO ON BLOCK | T14: 1908
A15: 1200 | B15: 75.38 | C15: 75.47 | D15: 76.61 | E15: 76.02 | F15: 76.85 | G15: 78.61 | H15: 81.88 | I15: 82.15 | J15: 79.41 | K15: 81.43 | L15: 89.72 | M15: 85.48 | O15: COMMON BRICK | T15: 1909
A16: 1300 | B16: 74.25 | C16: 74.34 | D16: 75.45 | E16: 74.87 | F16: 75.68 | G16: 77.39 | H16: 80.57 | I16: 80.83 | J16: 78.18 | K16: 80.15 | L16: 88.11 | M16: 84 | O16: POURED CONCRETE (SIP FORMING) | T16: 1910
A17: 1400 | B17: 73.23 | C17: 73.31 | D17: 74.39 | E17: 73.83 | F17: 74.62 | G17: 76.29 | H17: 79.37 | I17: 79.63 | J17: 77.06 | K17: 78.97 | L17: 86.64 | M17: 82.65 | T17: 1911
A18: 1500 | B18: 72.29 | C18: 72.37 | D18: 73.42 | E18: 72.87 | F18: 73.64 | G18: 75.27 | H18: 78.27 | I18: 78.53 | J18: 76.04 | K18: 77.9 | L18: 85.3 | M18: 81.41 | O18: Liste Type | R18: Liste ossature | T18: 1912
A19: 1600 | B19: 71.41 | C19: 71.49 | D19: 72.53 | E19: 71.99 | F19: 72.74 | G19: 74.33 | H19: 77.26 | I19: 77.51 | J19: 75.09 | K19: 76.9 | L19: 84.06 | M19: 80.27 | O19: ONE STORY | R19: STUD FRAMED | T19: 1913
A20: 1700 | B20: 70.61 | C20: 70.68 | D20: 71.69 | E20: 71.17 | F20: 71.9 | G20: 73.46 | H20: 76.32 | I20: 76.57 | J20: 74.21 | K20: 75.98 | L20: 82.91 | M20: 79.21 | O20: TWO STORY | R20: MASONRY | T20: 1914
A21: 1800 | B21: 69.85 | C21: 69.93 | D21: 70.92 | E21: 70.4 | F21: 71.12 | G21: 72.65 | H21: 75.45 | I21: 75.69 | J21: 73.39 | K21: 75.12 | L21: 81.84 | M21: 78.23 | O21: TWO STORY BI-LEVEL | T21: 1915
A22: 2000 | B22: 68.48 | C22: 68.55 | D22: 69.51 | E22: 69.01 | F22: 69.71 | G22: 71.17 | H22: 73.86 | I22: 74.09 | J22: 71.91 | K22: 73.56 | L22: 79.91 | M22: 76.45 | O22: 1/2 STORY | T22: 1916
A23: 2200 | B23: 67.27 | C23: 67.34 | D23: 68.26 | E23: 67.78 | F23: 68.45 | G23: 69.87 | H23: 72.45 | I23: 72.67 | J23: 70.59 | K23: 72.18 | L23: 78.2 | M23: 74.87 | O23: 2 1/2 STORY | T23: 1917
A24: 2400 | B24: 66.18 | C24: 66.24 | D24: 67.14 | E24: 66.67 | F24: 67.32 | G24: 68.69 | H24: 71.19 | I24: 71.41 | J24: 69.41 | K24: 70.94 | L24: 76.68 | M24: 73.46 | O24: SPLIT | T24: 1918
A25: 2600 | B25: 65.19 | C25: 65.25 | D25: 66.12 | E25: 65.67 | F25: 66.3 | G25: 67.63 | H25: 70.05 | I25: 70.26 | J25: 68.34 | K25: 69.82 | L25: 75.3 | M25: 72.18 | T25: 1919
A26: 2800 | B26: 64.29 | C26: 64.35 | D26: 65.19 | E26: 64.76 | F26: 65.37 | G26: 66.66 | H26: 69.01 | I26: 69.21 | J26: 67.36 | K26: 68.8 | L26: 74.04 | M26: 71.02 | T26: 1920
A27: 3000 | B27: 63.46 | C27: 63.52 | D27: 64.34 | E27: 63.92 | F27: 64.51 | G27: 65.78 | H27: 68.06 | I27: 68.26 | J27: 66.46 | K27: 67.86 | L27: 72.9 | M27: 69.96 | T27: 1921
A28: SQUARE FOOT ADJUSTMENTS | T28: 1922
T29: 1923
A30: ROOFING: | F30: ENERGY ADJUSTMENTS: | T30: 1924
T31: 1925
A32: Composition shingle or Built-up, small rock | E32: ( BASE ) | F32: Moderate climate | I32: ( BASE ) | J32: Add for SEISMIC ZONES (Z)/HURRICANE | T32: 1926
A33: Clay tile | E33: 6.95 | F33: Mild climate | I33: -1.35 | J33: Frame (Z2) | L33: 1.94 | T33: 1927
A34: Concrete tile | E34: 4.65 | F34: Extreme climate | I34: 2.19 | J34: Frame (Z3-4/WIND) | L34: 3.05 | T34: 1928
A35: Metal, performed | E35: 1.23 | F35: Superinsulated | I35: 4.29 | J35: WIND ADJUSTEMENTS | T35: 1929
A36: Wood shake | E36: 2.34 | F36: FOUNDATION ADJ: Mod.Climate | I36: ( BASE ) | J36: Masonry (Z2) | L36: 1.76 | T36: 1930
A37: Wood shingle | E37: 2.04 | F37: Mild climate | I37: -2.71 | J37: Masonry (Z3-4/WIND) | L37: 2.6 | T37: 1931
A38: Composition roll | E38: -0.96 | F38: Extreme climate | I38: 4.97 | T38: 1932
F39: Hillside, moderate slope | I39: 2.24 | T39: 1933
F40: Hillside, steep slope | I40: 7.21 | T40: 1934
T41: 1935
A42: =O20 -> TWO STORY | L42: Square Foot Costs | T42: 1936
L43: Fair Quality | T43: 1937
T44: 1938
A45: RESIDENCE | T45: 1939
T46: 1940
A47: STUD FRAMED | J47: MASONRY | T47: 1941
A48: TOTAL AREA | B48: PLYWOOD OR HARDBOARD | C48: METAL OR VINYL SIDING | D48: STUCCO | E48: WOOD SIDING | F48: WOOD SHINGLES | G48: SYNTH (EPS) | H48: RUSTIC LOG | I48: MASONRY VENEER | J48: CONCRETE BLOCK | K48: STUCCO ON BLOCK | L48: COMMON BRICK | M48: POURED CONCRETE (SIP FORMING) | T48: 1942
T49: 1943
A50: 900 | B50: 75.65 | C50: 75.78 | D50: 77.48 | E50: 76.59 | F50: 77.84 | G50: 80.46 | H50: 85 | I50: 85.24 | J50: 81.25 | K50: 83.98 | L50: 92.23 | M50: 90.03 | T50: 1944
A51: 1000 | B51: 74.14 | C51: 74.26 | D51: 75.9 | E51: 75.05 | F51: 76.24 | G51: 78.75 | H51: 83.09 | I51: 83.06 | J51: 79.51 | K51: 82.12 | L51: 90.02 | M51: 87.81 | T51: 1945
A52: 1100 | B52: 72.8 | C52: 72.92 | D52: 74.49 | E52: 73.67 | F52: 74.82 | G52: 77.23 | H52: 81.41 | I52: 81.15 | J52: 77.97 | K52: 80.47 | L52: 88.07 | M52: 85.85 | T52: 1946
A53: 1200 | B53: 71.6 | C53: 71.71 | D53: 73.23 | E53: 72.44 | F53: 73.54 | G53: 75.87 | H53: 79.9 | I53: 79.43 | J53: 76.58 | K53: 79 | L53: 86.32 | M53: 84.1 | T53: 1947
A54: 1300 | B54: 70.51 | C54: 70.62 | D54: 72.09 | E54: 71.32 | F54: 72.39 | G54: 74.64 | H54: 78.54 | I54: 77.89 | J54: 75.33 | K54: 77.67 | L54: 84.75 | M54: 82.52 | T54: 1948
A55: 1400 | B55: 69.51 | C55: 69.62 | D55: 71.04 | E55: 70.3 | F55: 71.34 | G55: 73.52 | H55: 77.3 | I55: 76.49 | J55: 74.19 | K55: 76.45 | L55: 83.32 | M55: 81.08 | T55: 1949
A56: 1500 | B56: 68.6 | C56: 68.71 | D56: 70.09 | E56: 69.37 | F56: 70.38 | G56: 72.5 | H56: 76.16 | I56: 75.21 | J56: 73.14 | K56: 75.34 | L56: 82 | M56: 79.77 | T56: 1950
A57: 1600 | B57: 67.76 | C57: 67.86 | D57: 69.21 | E57: 68.51 | F57: 69.48 | G57: 71.55 | H57: 75.11 | I57: 74.03 | J57: 72.18 | K57: 74.31 | L57: 80.79 | M57: 78.56 | T57: 1951
A58: 1700 | B58: 66.98 | C58: 67.08 | D58: 68.39 | E58: 67.71 | F58: 68.66 | G58: 70.67 | H58: 74.14 | I58: 72.93 | J58: 71.28 | K58: 73.36 | L58: 79.67 | M58: 77.44 | T58: 1952
A59: 1800 | B59: 66.25 | C59: 66.35 | D59: 67.62 | E59: 66.96 | F59: 67.89 | G59: 69.85 | H59: 73.24 | I59: 71.92 | J59: 70.45 | K59: 72.48 | L59: 78.63 | M59: 76.39 | T59: 1953
A60: 1900 | B60: 65.57 | C60: 65.66 | D60: 66.91 | E60: 66.26 | F60: 67.17 | G60: 69.08 | H60: 72.39 | I60: 70.97 | J60: 69.67 | K60: 71.65 | L60: 77.66 | M60: 75.42 | T60: 1954
A61: 2000 | B61: 64.93 | C61: 65.02 | D61: 66.24 | E61: 65.6 | F61: 66.49 | G61: 68.36 | H61: 71.6 | I61: 70.09 | J61: 68.93 | K61: 70.87 | L61: 76.75 | M61: 74.51 | T61: 1955
... A68: 3000 | B68: 60.08 | C68: 60.16 | D68: 61.17 | E68: 60.64 | F68: 61.38 | G68: 62.83 | H68: 65.62 | I68: 63.46 | J68: 63.41 | K68: 65.02 | L68: 69.91 | M68: 67.68 | T68: 1962
A69: SQUARE FOOT ADJUSTMENTS | T69: 1963
T70: 1964
A71: ROOFING: | F71: ENERGY ADJUSTMENTS: | T71: 1965
T72: 1966
A73: Composition shingle or Built-up, small rock | E73: ( BASE ) | F73: Moderate climate | I73: ( BASE ) | J73: Add for SEISMIC ZONES (Z)/HURRICANE | T73: 1967
A74: Clay tile | E74: 3.89 | F74: Mild climate | I74: -1.5 | J74: Frame (Z2) | L74: 2.23 | T74: 1968
A75: Concrete tile | E75: 2.6 | F75: Extreme climate | I75: 2.08 | J75: Frame (Z3-4/WIND) | L75: 3.31 | T75: 1969
A76: Metal, performed | E76: 0.69 | F76: Superinsulated | I76: 4.71 | J76: WIND ADJUSTEMENTS | T76: 1970
A77: Wood shake | E77: 1.31 | F77: FOUNDATION ADJ: Mod.Climate | I77: ( BASE ) | J77: Masonry (Z2) | L77: 1.99 | T77: 1971
A78: Wood shingle | E78: 1.14 | F78: Mild climate | I78: 2.33 | J78: Masonry (Z3-4/WIND) | L78: 2.73 | T78: 1972
A79: Composition roll | E79: -0.54 | F79: Extreme climate | I79: 4.28 | T79: 1973
F80: Hillside, moderate slope | I80: 1.93 | T80: 1974
F81: Hiillside, steep slope | I81: 6.21 | T81: 1975
T82: 1976
T83: 1977
A84: =O21 -> TWO STORY BI-LEVEL | L84: Square Foot Costs | T84: 1978
L85: Fair Quality | T85: 1979
T86: 1980
A87: RESIDENCE | T87: 1981
T88: 1982
A89: STUD FRAMED | J89: MASONRY | T89: 1983
A90: TOTAL AREA | B90: PLYWOOD OR HARDBOARD | C90: METAL OR VINYL SIDING | D90: STUCCO | E90: WOOD SIDING | F90: WOOD SHINGLES | G90: SYNTH (EPS) | H90: RUSTIC LOG | I90: MASONRY VENEER | J90: CONCRETE BLOCK | K90: STUCCO ON BLOCK | L90: COMMON BRICK | M90: POURED CONCRETE (SIP FORMING) | T90: 1984
T91: 1985
A92: 600 | B92: 90.48 | C92: 90.62 | D92: 92.53 | E92: 91.54 | F92: 92.92 | G92: 95.85 | H92: 101.1 | I92: 101.56 | J92: 95.89 | K92: 99.25 | L92: 114.07 | M92: 108.51 | T92: 1986
A93: 700 | B93: 87.62 | C93: 87.76 | D93: 89.55 | E93: 88.62 | F93: 89.92 | G93: 92.68 | H93: 97.62 | I93: 98.05 | J93: 92.92 | K93: 96.1 | L93: 109.83 | M93: 104.46 | T93: 1987
A94: 800 | B94: 85.22 | C94: 85.35 | D94: 87.05 | E94: 86.16 | F94: 87.4 | G94: 90.02 | H94: 94.7 | I94: 95.11 | J94: 90.43 | K94: 93.44 | L94: 106.28 | M94: 101.08 | T94: 1988
A95: 900 | B95: 83.15 | C95: 83.28 | D95: 84.9 | E95: 84.06 | F95: 85.24 | G95: 87.74 | H95: 92.2 | I95: 92.6 | J95: 88.28 | K95: 91.16 | L95: 103.24 | M95: 98.18 | T95: 1989
A96: 1000 | B96: 81.35 | C96: 81.47 | D96: 83.03 | E96: 82.21 | F96: 83.35 | G96: 85.75 | H96: 90.02 | I96: 90.4 | J96: 86.41 | K96: 89.17 | L96: 100.6 | M96: 95.67 | T96: 1990
A97: 1100 | B97: 79.75 | C97: 79.86 | D97: 81.36 | E97: 80.58 | F97: 81.68 | G97: 83.98 | H97: 88.09 | I97: 88.46 | J97: 84.75 | K97: 87.41 | L97: 98.27 | M97: 93.44 | T97: 1991
A98: 1200 | B98: 78.32 | C98: 78.43 | D98: 79.88 | E98: 79.12 | F98: 80.18 | G98: 82.41 | H98: 86.37 | I98: 86.72 | J98: 83.26 | K98: 85.82 | L98: 96.19 | M98: 91.46 | T98: 1992
A99: 1300 | B99: 77.02 | C99: 77.13 | D99: 78.53 | E99: 77.8 | F99: 78.82 | G99: 80.98 | H99: 84.81 | I99: 85.15 | J99: 81.91 | K99: 84.4 | L99: 94.31 | M99: 89.67 | T99: 1993
A100: 1400 | B100: 75.84 | C100: 75.94 | D100: 77.31 | E100: 76.6 | F100: 77.59 | G100: 76.68 | H100: 83.4 | I100: 83.72 | J100: 80.6 | K100: 83.09 | L100: 92.61 | M100: 88.05 | T100: 1994
A101: 1500 | B101: 74.76 | C101: 74.86 | D101: 76.18 | E101: 75.9 | F101: 76.46 | G101: 78.49 | H101: 82.1 | I101: 82.42 | J101: 79.56 | K101: 81.9 | L101: 91.05 | M101: 86.56 | T101: 1995
A102: 1600 | B102: 73.76 | C102: 73.86 | D102: 75.15 | E102: 74.48 | F102: 75.42 | G102: 77.4 | H102: 80.9 | I102: 81.21 | J102: 78.52 | K102: 80.8 | L102: 89.62 | M102: 85.19 | T102: 1996
A103: 1700 | B103: 72.84 | C103: 72.93 | D103: 74.19 | E103: 73.53 | F103: 74.45 | G103: 76.38 | H103: 79.8 | I103: 80.1 | J103: 77.55 | K103: 79.78 | L103: 88.29 | M103: 83.93 | T103: 1997
... A110: 3000 | B110: 64.71 | C110: 64.78 | D110: 65.77 | E110: 65.26 | F110: 65.97 | G110: 67.48 | H110: 70.13 | I110: 70.37 | J110: 69.08 | K110: 70.82 | L110: 76.78 | M110: 72.96 | T110: 2004
A111: SQUARE FOOT ADJUSTMENTS | T111: 2005
T112: 2006
A113: ROOFING: | F113: ENERGY ADJUSTMENTS: | T113: 2007
...

Sheet AVG
A1: ONE STORY | L1: Square Foot Costs
L2: Average Quality
A4: RESIDENCE | O4: Liste | R4: Liste S.F. | T4: Liste année de construction
O5: =B7 -> PLYWOOD OR HARDBOARD | R5: LOW | T5: 1800
A6: STUD FRAMED | J6: MASONRY | O6: =C7 -> METAL OR VINYL SIDING | R6: FAIR | T6: 1900
A7: TOTAL AREA | B7: PLYWOOD OR HARDBOARD | C7: METAL OR VINYL SIDING | D7: STUCCO | E7: WOOD SIDING | F7: WOOD SHINGLES | G7: SYNTH (EPS) | H7: RUSTIC LOG | I7: MASONRY VENEER | J7: CONCRETE BLOCK | K7: STUCCO ON BLOCK | L7: COMMON BRICK | O7: =D7 -> STUCCO | R7: AVG | T7: 1901
O8: =E7 -> WOOD SIDING | R8: GOOD | T8: 1902
A9: 600 | B9: 100.53 | C9: 100.69 | D9: 102.27 | E9: 101.95 | F9: 102.75 | G9: 105.48 | H9: 114.03 | I9: 112.87 | J9: 106.81 | K9: 109.4 | L9: 118.78 | M9: 115.76 | O9: =F7 -> WOOD SHINGLES | R9: V.GOOD | T9: 1903
A10: 800 | B10: 95.26 | C10: 95.41 | D10: 96.87 | E10: 96.58 | F10: 97.3 | G10: 99.82 | H10: 107.48 | I10: 106.37 | J10: 100.82 | K10: 103.19 | L10: 111.7 | M10: 108.44 | O10: =G7 -> SYNTH (EPS) | R10: EXCELLENT | T10: 1904
A11: 1000 | B11: 91.37 | C11: 91.51 | D11: 92.87 | E11: 92.6 | F11: 93.28 | G11: 95.64 | H11: 102.65 | I11: 101.58 | J11: 96.4 | K11: 98.63 | L11: 106.49 | M11: 103.09 | O11: RUSTIC LOG | T11: 1905
A12: 1200 | B12: 88.31 | C12: 88.44 | D12: 89.73 | E12: 89.47 | F12: 90.12 | G12: 92.35 | H12: 98.87 | I12: 97.83 | J12: 92.94 | K12: 95.04 | L12: 102.42 | M12: 98.91 | O12: MASONRY VENEER | T12: 1906
A13: 1300 | B13: 86.99 | C13: 87.12 | D13: 88.38 | E13: 88.13 | F13: 88.76 | G13: 90.95 | H13: 97.26 | I13: 96.23 | J13: 91.46 | K13: 93.51 | L13: 100.68 | M13: 97.13 | O13: CONCRETE BLOCK | T13: 1907
A14: 1400 | B14: 85.8 | C14: 85.92 | D14: 87.16 | E14: 86.91 | F14: 87.53 | G14: 89.66 | H14: 95.79 | I14: 94.77 | J14: 90.1 | K14: 92.12 | L14: 99.1 | M14: 95.51 | O14: STUCCO ON BLOCK | T14: 1908
A15: 1500 | B15: 84.7 | C15: 84.82 | D15: 86.03 | E15: 85.79 | F15: 86.39 | G15: 88.49 | H15: 94.44 | I15: 93.43 | J15: 88.86 | K15: 90.84 | L15: 97.65 | M15: 94.03 | O15: COMMON BRICK | T15: 1909
A16: 1600 | B16: 83.68 | C16: 83.8 | D16: 84.99 | E16: 84.75 | F16: 85.34 | G16: 87.4 | H16: 93.19 | I16: 92.2 | J16: 87.72 | K16: 89.65 | L16: 96.31 | M16: 92.66 | O16: POURED CONCRETE (SIP FORMING) | T16: 1910
A17: 1700 | B17: 82.74 | C17: 82.85 | D17: 84.02 | E17: 83.79 | F17: 84.37 | G17: 86.39 | H17: 92.03 | I17: 91.05 | J17: 86.66 | K17: 88.56 | L17: 95.07 | M17: 91.4 | T17: 1911
A18: 1800 | B18: 81.86 | C18: 81.97 | D18: 83.12 | E18: 82.89 | F18: 83.46 | G18: 85.45 | H18: 90.96 | I18: 89.98 | J18: 85.67 | K18: 87.54 | L18: 93.91 | M18: 90.22 | O18: Liste Type | R18: Liste ossature | T18: 1912
A19: 1900 | B19: 81.03 | C19: 81.15 | D19: 82.28 | E19: 82.05 | F19: 82.61 | G19: 84.57 | H19: 89.95 | I19: 88.99 | J19: 84.75 | K19: 86.58 | L19: 92.83 | M19: 89.12 | O19: ONE STORY | R19: STUD FRAMED | T19: 1913
A20: 2000 | B20: 80.26 | C20: 80.37 | D20: 81.48 | E20: 81.26 | F20: 81.82 | G20: 83.74 | H20: 89.01 | I20: 88.05 | J20: 83.88 | K20: 85.69 | L20: 91.82 | M20: 88.09 | O20: TWO STORY | R20: MASONRY | T20: 1914
A21: 2100 | B21: 79.53 | C21: 79.64 | D21: 80.74 | E21: 80.52 | F21: 81.06 | G21: 82.96 | H21: 88.12 | I21: 87.17 | J21: 83.06 | K21: 84.84 | L21: 90.87 | M21: 87.12 | O21: TWO STORY BI-LEVEL | T21: 1915
A22: 2200 | B22: 78.84 | C22: 78.95 | D22: 80.03 | E22: 79.81 | F22: 80.35 | G22: 82.22 | H22: 87.28 | I22: 86.33 | J22: 82.29 | K22: 84.04 | L22: 89.97 | M22: 86.2 | O22: 1/2 STORY | T22: 1916
A23: 2400 | B23: 77.57 | C23: 77.67 | D23: 78.73 | E23: 78.52 | F23: 79.04 | G23: 80.86 | H23: 85.73 | I23: 84.8 | J23: 80.86 | K23: 82.57 | L23: 88.31 | M23: 84.52 | O23: 2 1/2 STORY | T23: 1917
A24: 2600 | B24: 76.42 | C24: 76.52 | D24: 77.55 | E24: 77.34 | F24: 77.85 | G24: 79.63 | H24: 84.33 | I24: 83.41 | J24: 79.57 | K24: 81.24 | L24: 86.81 | M24: 83 | O24: SPLIT | T24: 1918
A25: 2800 | B25: 75.36 | C25: 75.46 | D25: 76.47 | E25: 76.27 | F25: 76.77 | G25: 78.51 | H25: 83.05 | I25: 82.14 | J25: 78.4 | K25: 80.03 | L25: 85.44 | M25: 81.61 | T25: 1919
A26: 3000 | B26: 74.4 | C26: 74.5 | D26: 75.48 | E26: 75.28 | F26: 75.77 | G26: 77.48 | H26: 81.88 | I26: 80.98 | J26: 77.32 | K26: 78.92 | L26: 84.19 | M26: 80.34 | T26: 1920
A27: 3200 | B27: 73.51 | C27: 73.6 | D27: 74.57 | E27: 74.37 | F27: 74.85 | G27: 76.52 | H27: 80.8 | I27: 79.91 | J27: 76.32 | K27: 77.89 | L27: 83.04 | M27: 79.18 | T27: 1921
A28: SQUARE FOOT ADJUSTMENTS | T28: 1922
T29: 1923
A30: ROOFING: | F30: ENERGY ADJUSTMENTS: | T30: 1924
T31: 1925
A32: Composition shingle or Built-up, small rock | E32: ( BASE ) | F32: Moderate climate | I32: ( BASE ) | J32: Add for SEISMIC ZONES (Z)/HURRICANE | T32: 1926
A33: Clay tile | E33: 7.84 | F33: Mild climate | I33: -1.37 | J33: Frame (Z2) | L33: 1.94 | T33: 1927
A34: Concrete tile | E34: 4.94 | F34: Extreme climate | I34: 2.21 | J34: Frame (Z3-4/WIND) | L34: 3.05 | T34: 1928
A35: Metal, performed | E35: 1.34 | F35: Superinsulated | I35: 4.59 | J35: WIND ADJUSTEMENTS | T35: 1929
A36: Wood shake | E36: 2.47 | F36: FOUNDATION ADJ: Mod.Climate | I36: ( BASE ) | J36: Masonry (Z2) | L36: 1.76 | T36: 1930
A37: Wood shingle | E37: 2.16 | F37: Mild climate | I37: -2.84 | J37: Masonry (Z3-4/WIND) | L37: 2.6 | T37: 1931
A38: Composition roll | E38: -1.11 | F38: Extreme climate | I38: 5.21 | T38: 1932
F39: Hillside, moderate slope | I39: 2.61 | T39: 1933
F40: Hillside, steep slope | I40: 7.82 | T40: 1934
T41: 1935
A42: =O20 -> TWO STORY | L42: Square Foot Costs | T42: 1936
L43: Average Quality | T43: 1937
T44: 1938
A45: RESIDENCE | T45: 1939
T46: 1940
A47: STUD FRAMED | J47: MASONRY | T47: 1941
A48: TOTAL AREA | B48: PLYWOOD OR HARDBOARD | C48: METAL OR VINYL SIDING | D48: STUCCO | E48: WOOD SIDING | F48: WOOD SHINGLES | G48: SYNTH (EPS) | H48: RUSTIC LOG | I48: MASONRY VENEER | J48: CONCRETE BLOCK | K48: STUCCO ON BLOCK | L48: COMMON BRICK | M48: POURED CONCRETE (SIP FORMING) | T48: 1942
T49: 1943
A50: 600 | T50: 1944
A51: 800 | T51: 1945
A52: 1000 | T52: 1946
A53: 1200 | T53: 1947
A54: 1300 | T54: 1948
A55: 1400 | T55: 1949
A56: 1500 | T56: 1950
A57: 1600 | T57: 1951
A58: 1700 | T58: 1952
A59: 1800 | T59: 1953
A60: 1900 | T60: 1954
A61: 2000 | T61: 1955
... A68: 3200 | T68: 1962
A69: SQUARE FOOT ADJUSTMENTS | T69: 1963
T70: 1964
A71: ROOFING: | F71: ENERGY ADJUSTMENTS: | T71: 1965
T72: 1966
A73: Composition shingle or Built-up, small rock | E73: ( BASE ) | F73: Moderate climate | I73: ( BASE ) | J73: Add for SEISMIC ZONES (Z)/HURRICANE | T73: 1967
A74: Clay tile | F74: Mild climate | J74: Frame (Z2) | T74: 1968
A75: Concrete tile | F75: Extreme climate | J75: Frame (Z3-4/WIND) | T75: 1969
A76: Metal, performed | F76: Superinsulated | J76: WIND ADJUSTEMENTS | T76: 1970
A77: Wood shake | F77: FOUNDATION ADJ: Mod.Climate | I77: ( BASE ) | J77: Masonry (Z2) | T77: 1971
A78: Wood shingle | F78: Mild climate | J78: Masonry (Z3-4/WIND) | T78: 1972
A79: Composition roll | F79: Extreme climate | T79: 1973
F80: Hillside, moderate slope | T80: 1974
F81: Hiillside, steep slope | T81: 1975
T82: 1976
T83: 1977
A84: =O21 -> TWO STORY BI-LEVEL | L84: Square Foot Costs | T84: 1978
L85: Average Quality | T85: 1979
T86: 1980
A87: RESIDENCE | T87: 1981
T88: 1982
A89: STUD FRAMED | J89: MASONRY | T89: 1983
A90: TOTAL AREA | B90: PLYWOOD OR HARDBOARD | C90: METAL OR VINYL SIDING | D90: STUCCO | E90: WOOD SIDING | F90: WOOD SHINGLES | G90: SYNTH (EPS) | H90: RUSTIC LOG | I90: MASONRY VENEER | J90: CONCRETE BLOCK | K90: STUCCO ON BLOCK | L90: COMMON BRICK | M90: POURED CONCRETE (SIP FORMING) | T90: 1984
T91: 1985
A92: 600 | T92: 1986
A93: 800 | T93: 1987
A94: 1000 | T94: 1988
A95: 1200 | T95: 1989
A96: 1300 | T96: 1990
A97: 1400 | T97: 1991
A98: 1500 | T98: 1992
A99: 1600 | T99: 1993
A100: 1700 | T100: 1994
A101: 1800 | T101: 1995
A102: 1900 | T102: 1996
A103: 2000 | T103: 1997
... A110: 3200 | T110: 2004
A111: SQUARE FOOT ADJUSTMENTS | T111: 2005
T112: 2006
A113: ROOFING: | F113: ENERGY ADJUSTMENTS: | T113: 2007
...

Sheet GOOD
A1: ONE STORY | L1: Square Foot Costs
L2: Average Quality
A4: RESIDENCE | O4: Liste | R4: Liste S.F. | T4: Liste année de construction
O5: =B7 -> PLYWOOD OR HARDBOARD | R5: LOW | T5: 1800
A6: STUD FRAMED | J6: MASONRY | O6: =C7 -> METAL OR VINYL SIDING | R6: FAIR | T6: 1900
A7: TOTAL AREA | B7: PLYWOOD OR HARDBOARD | C7: METAL OR VINYL SIDING | D7: STUCCO | E7: WOOD SIDING | F7: WOOD SHINGLES | G7: SYNTH (EPS) | H7: RUSTIC LOG | I7: MASONRY VENEER | J7: CONCRETE BLOCK | K7: STUCCO ON BLOCK | L7: COMMON BRICK | O7: =D7 -> STUCCO | R7: AVG | T7: 1901
O8: =E7 -> WOOD SIDING | R8: GOOD | T8: 1902
A9: 600 | O9: =F7 -> WOOD SHINGLES | R9: V.GOOD | T9: 1903
A10: 800 | O10: =G7 -> SYNTH (EPS) | R10: EXCELLENT | T10: 1904
A11: 1000 | O11: RUSTIC LOG | T11: 1905
A12: 1200 | O12: MASONRY VENEER | T12: 1906
A13: 1300 | O13: CONCRETE BLOCK | T13: 1907
A14: 1400 | O14: STUCCO ON BLOCK | T14: 1908
A15: 1500 | O15: COMMON BRICK | T15: 1909
A16: 1600 | O16: POURED CONCRETE (SIP FORMING) | T16: 1910
A17: 1700 | T17: 1911
A18: 1800 | O18: Liste Type | R18: Liste ossature | T18: 1912
A19: 1900 | O19: ONE STORY | R19: STUD FRAMED | T19: 1913
A20: 2000 | O20: TWO STORY | R20: MASONRY | T20: 1914
A21: 2100 | O21: TWO STORY BI-LEVEL | T21: 1915
A22: 2200 | O22: 1/2 STORY | T22: 1916
A23: 2400 | O23: 2 1/2 STORY | T23: 1917
A24: 2600 | O24: SPLIT | T24: 1918
A25: 2800 | T25: 1919
A26: 3000 | T26: 1920
A27: 3200 | T27: 1921
A28: SQUARE FOOT ADJUSTMENTS | T28: 1922
T29: 1923
A30: ROOFING: | F30: ENERGY ADJUSTMENTS: | T30: 1924
T31: 1925
A32: Composition shingle or Built-up, small rock | E32: ( BASE ) | F32: Moderate climate | I32: ( BASE ) | J32: Add for SEISMIC ZONES (Z)/HURRICANE | T32: 1926
A33: Clay tile | E33: 7.84 | F33: Mild climate | I33: -1.37 | J33: Frame (Z2) | L33: 1.94 | T33: 1927
A34: Concrete tile | E34: 4.94 | F34: Extreme climate | I34: 2.21 | J34: Frame (Z3-4/WIND) | L34: 3.05 | T34: 1928
A35: Metal, performed | E35: 1.34 | F35: Superinsulated | I35: 4.59 | J35: WIND ADJUSTEMENTS | T35: 1929
A36: Wood shake | E36: 2.47 | F36: FOUNDATION ADJ: Mod.Climate | I36: ( BASE ) | J36: Masonry (Z2) | L36: 1.76 | T36: 1930
A37: Wood shingle | E37: 2.16 | F37: Mild climate | I37: -2.84 | J37: Masonry (Z3-4/WIND) | L37: 2.6 | T37: 1931
A38: Composition roll | E38: -1.11 | F38: Extreme climate | I38: 5.21 | T38: 1932
F39: Hillside, moderate slope | I39: 2.61 | T39: 1933
F40: Hillside, steep slope | I40: 7.82 | T40: 1934
T41: 1935
A42: =O20 -> TWO STORY | L42: Square Foot Costs | T42: 1936
L43: Average Quality | T43: 1937
T44: 1938
A45: RESIDENCE | T45: 1939
T46: 1940
A47: STUD FRAMED | J47: MASONRY | T47: 1941
A48: TOTAL AREA | B48: PLYWOOD OR HARDBOARD | C48: METAL OR VINYL SIDING | D48: STUCCO | E48: WOOD SIDING | F48: WOOD SHINGLES | G48: SYNTH (EPS) | H48: RUSTIC LOG | I48: MASONRY VENEER | J48: CONCRETE BLOCK | K48: STUCCO ON BLOCK | L48: COMMON BRICK | M48: POURED CONCRETE (SIP FORMING) | T48: 1942
T49: 1943
A50: 600 | T50: 1944
A51: 800 | T51: 1945
A52: 1000 | T52: 1946
A53: 1200 | T53: 1947
A54: 1300 | T54: 1948
A55: 1400 | T55: 1949
A56: 1500 | T56: 1950
A57: 1600 | T57: 1951
A58: 1700 | T58: 1952
A59: 1800 | T59: 1953
A60: 1900 | T60: 1954
A61: 2000 | T61: 1955
... A68: 3200 | T68: 1962
A69: SQUARE FOOT ADJUSTMENTS | T69: 1963
T70: 1964
A71: ROOFING: | F71: ENERGY ADJUSTMENTS: | T71: 1965
T72: 1966
A73: Composition shingle or Built-up, small rock | E73: ( BASE ) | F73: Moderate climate | I73: ( BASE ) | J73: Add for SEISMIC ZONES (Z)/HURRICANE | T73: 1967
A74: Clay tile | F74: Mild climate | J74: Frame (Z2) | T74: 1968
A75: Concrete tile | F75: Extreme climate | J75: Frame (Z3-4/WIND) | T75: 1969
A76: Metal, performed | F76: Superinsulated | J76: WIND ADJUSTEMENTS | T76: 1970
A77: Wood shake | F77: FOUNDATION ADJ: Mod.Climate | I77: ( BASE ) | J77: Masonry (Z2) | T77: 1971
A78: Wood shingle | F78: Mild climate | J78: Masonry (Z3-4/WIND) | T78: 1972
A79: Composition roll | F79: Extreme climate | T79: 1973
F80: Hillside, moderate slope | T80: 1974
F81: Hiillside, steep slope | T81: 1975
T82: 1976
T83: 1977
A84: =O21 -> TWO STORY BI-LEVEL | L84: Square Foot Costs | T84: 1978
L85: Average Quality | T85: 1979
T86: 1980
A87: RESIDENCE | T87: 1981
T88: 1982
A89: STUD FRAMED | J89: MASONRY | T89: 1983
A90: TOTAL AREA | B90: PLYWOOD OR HARDBOARD | C90: METAL OR VINYL SIDING | D90: STUCCO | E90: WOOD SIDING | F90: WOOD SHINGLES | G90: SYNTH (EPS) | H90: RUSTIC LOG | I90: MASONRY VENEER | J90: CONCRETE BLOCK | K90: STUCCO ON BLOCK | L90: COMMON BRICK | M90: POURED CONCRETE (SIP FORMING) | T90: 1984
T91: 1985
A92: 600 | T92: 1986
A93: 800 | T93: 1987
A94: 1000 | T94: 1988
A95: 1200 | T95: 1989
A96: 1300 | T96: 1990
A97: 1400 | T97: 1991
A98: 1500 | T98: 1992
A99: 1600 | T99: 1993
A100: 1700 | T100: 1994
A101: 1800 | T101: 1995
A102: 1900 | T102: 1996
A103: 2000 | T103: 1997
... A110: 3200 | T110: 2004
A111: SQUARE FOOT ADJUSTMENTS | T111: 2005
T112: 2006
A113: ROOFING: | F113: ENERGY ADJUSTMENTS: | T113: 2007
...

Sheet V.GOOD
A1: ONE STORY | L1: Square Foot Costs
L2: Average Quality
A4: RESIDENCE | O4: Liste | R4: Liste S.F. | T4: Liste année de construction
O5: =B7 -> PLYWOOD OR HARDBOARD | R5: LOW | T5: 1800
A6: STUD FRAMED | J6: MASONRY | O6: =C7 -> METAL OR VINYL SIDING | R6: FAIR | T6: 1900
A7: TOTAL AREA | B7: PLYWOOD OR HARDBOARD | C7: METAL OR VINYL SIDING | D7: STUCCO | E7: WOOD SIDING | F7: WOOD SHINGLES | G7: SYNTH (EPS) | H7: RUSTIC LOG | I7: MASONRY VENEER | J7: CONCRETE BLOCK | K7: STUCCO ON BLOCK | L7: COMMON BRICK | O7: =D7 -> STUCCO | R7: AVG | T7: 1901
O8: =E7 -> WOOD SIDING | R8: GOOD | T8: 1902
A9: 600 | O9: =F7 -> WOOD SHINGLES | R9: V.GOOD | T9: 1903
A10: 800 | O10: =G7 -> SYNTH (EPS) | R10: EXCELLENT | T10: 1904
A11: 1000 | O11: RUSTIC LOG | T11: 1905
A12: 1200 | O12: MASONRY VENEER | T12: 1906
A13: 1300 | O13: CONCRETE BLOCK | T13: 1907
A14: 1400 | O14: STUCCO ON BLOCK | T14: 1908
A15: 1500 | O15: COMMON BRICK | T15: 1909
A16: 1600 | O16: POURED CONCRETE (SIP FORMING) | T16: 1910
A17: 1700 | T17: 1911
A18: 1800 | O18: Liste Type | R18: Liste ossature | T18: 1912
A19: 1900 | O19: ONE STORY | R19: STUD FRAMED | T19: 1913
A20: 2000 | O20: TWO STORY | R20: MASONRY | T20: 1914
A21: 2100 | O21: TWO STORY BI-LEVEL | T21: 1915
A22: 2200 | O22: 1/2 STORY | T22: 1916
A23: 2400 | O23: 2 1/2 STORY | T23: 1917
A24: 2600 | O24: SPLIT | T24: 1918
A25: 2800 | T25: 1919
A26: 3000 | T26: 1920
A27: 3200 | T27: 1921
A28: SQUARE FOOT ADJUSTMENTS | T28: 1922
T29: 1923
A30: ROOFING: | F30: ENERGY ADJUSTMENTS: | T30: 1924
T31: 1925
A32: Composition shingle or Built-up, small rock | E32: ( BASE ) | F32: Moderate climate | I32: ( BASE ) | J32: Add for SEISMIC ZONES (Z)/HURRICANE | T32: 1926
A33: Clay tile | E33: 7.84 | F33: Mild climate | I33: -1.37 | J33: Frame (Z2) | L33: 1.94 | T33: 1927
A34: Concrete tile | E34: 4.94 | F34: Extreme climate | I34: 2.21 | J34: Frame (Z3-4/WIND) | L34: 3.05 | T34: 1928
A35: Metal, performed | E35: 1.34 | F35: Superinsulated | I35: 4.59 | J35: WIND ADJUSTEMENTS | T35: 1929
A36: Wood shake | E36: 2.47 | F36: FOUNDATION ADJ: Mod.Climate | I36: ( BASE ) | J36: Masonry (Z2) | L36: 1.76 | T36: 1930
A37: Wood shingle | E37: 2.16 | F37: Mild climate | I37: -2.84 | J37: Masonry (Z3-4/WIND) | L37: 2.6 | T37: 1931
A38: Composition roll | E38: -1.11 | F38: Extreme climate | I38: 5.21 | T38: 1932
F39: Hillside, moderate slope | I39: 2.61 | T39: 1933
F40: Hillside, steep slope | I40: 7.82 | T40: 1934
T41: 1935
A42: =O20 -> TWO STORY | L42: Square Foot Costs | T42: 1936
L43: Average Quality | T43: 1937
T44: 1938
A45: RESIDENCE | T45: 1939
T46: 1940
A47: STUD FRAMED | J47: MASONRY | T47: 1941
A48: TOTAL AREA | B48: PLYWOOD OR HARDBOARD | C48: METAL OR VINYL SIDING | D48: STUCCO | E48: WOOD SIDING | F48: WOOD SHINGLES | G48: SYNTH (EPS) | H48: RUSTIC LOG | I48: MASONRY VENEER | J48: CONCRETE BLOCK | K48: STUCCO ON BLOCK | L48: COMMON BRICK | M48: POURED CONCRETE (SIP FORMING) | T48: 1942
T49: 1943
A50: 600 | T50: 1944
A51: 800 | T51: 1945
A52: 1000 | T52: 1946
A53: 1200 | T53: 1947
A54: 1300 | T54: 1948
A55: 1400 | T55: 1949
A56: 1500 | T56: 1950
A57: 1600 | T57: 1951
A58: 1700 | T58: 1952
A59: 1800 | T59: 1953
A60: 1900 | T60: 1954
A61: 2000 | T61: 1955
... A68: 3200 | T68: 1962
A69: SQUARE FOOT ADJUSTMENTS | T69: 1963
T70: 1964
A71: ROOFING: | F71: ENERGY ADJUSTMENTS: | T71: 1965
T72: 1966
A73: Composition shingle or Built-up, small rock | E73: ( BASE ) | F73: Moderate climate | I73: ( BASE ) | J73: Add for SEISMIC ZONES (Z)/HURRICANE | T73: 1967
A74: Clay tile | F74: Mild climate | J74: Frame (Z2) | T74: 1968
A75: Concrete tile | F75: Extreme climate | J75: Frame (Z3-4/WIND) | T75: 1969
A76: Metal, performed | F76: Superinsulated | J76: WIND ADJUSTEMENTS | T76: 1970
A77: Wood shake | F77: FOUNDATION ADJ: Mod.Climate | I77: ( BASE ) | J77: Masonry (Z2) | T77: 1971
A78: Wood shingle | F78: Mild climate | J78: Masonry (Z3-4/WIND) | T78: 1972
A79: Composition roll | F79: Extreme climate | T79: 1973
F80: Hillside, moderate slope | T80: 1974
F81: Hiillside, steep slope | T81: 1975
T82: 1976
T83: 1977
A84: =O21 -> TWO STORY BI-LEVEL | L84: Square Foot Costs | T84: 1978
L85: Average Quality | T85: 1979
T86: 1980
A87: RESIDENCE | T87: 1981
T88: 1982
A89: STUD FRAMED | J89: MASONRY | T89: 1983
A90: TOTAL AREA | B90: PLYWOOD OR HARDBOARD | C90: METAL OR VINYL SIDING | D90: STUCCO | E90: WOOD SIDING | F90: WOOD SHINGLES | G90: SYNTH (EPS) | H90: RUSTIC LOG | I90: MASONRY VENEER | J90: CONCRETE BLOCK | K90: STUCCO ON BLOCK | L90: COMMON BRICK | M90: POURED CONCRETE (SIP FORMING) | T90: 1984
T91: 1985
A92: 600 | T92: 1986
A93: 800 | T93: 1987
A94: 1000 | T94: 1988
A95: 1200 | T95: 1989
A96: 1300 | T96: 1990
A97: 1400 | T97: 1991
A98: 1500 | T98: 1992
A99: 1600 | T99: 1993
A100: 1700 | T100: 1994
A101: 1800 | T101: 1995
A102: 1900 | T102: 1996
A103: 2000 | T103: 1997
... A110: 3200 | T110: 2004
A111: SQUARE FOOT ADJUSTMENTS | T111: 2005
T112: 2006
A113: ROOFING: | F113: ENERGY ADJUSTMENTS: | T113: 2007
...

Sheet EXCELLENT
A1: ONE STORY | L1: Square Foot Costs
L2: Average Quality
A4: RESIDENCE | O4: Liste | R4: Liste S.F. | T4: Liste année de construction
O5: =B7 -> PLYWOOD OR HARDBOARD | R5: LOW | T5: 1800
A6: STUD FRAMED | J6: MASONRY | O6: =C7 -> METAL OR VINYL SIDING | R6: FAIR | T6: 1900
A7: TOTAL AREA | B7: PLYWOOD OR HARDBOARD | C7: METAL OR VINYL SIDING | D7: STUCCO | E7: WOOD SIDING | F7: WOOD SHINGLES | G7: SYNTH (EPS) | H7: RUSTIC LOG | I7: MASONRY VENEER | J7: CONCRETE BLOCK | K7: STUCCO ON BLOCK | L7: COMMON BRICK | O7: =D7 -> STUCCO | R7: AVG | T7: 1901
O8: =E7 -> WOOD SIDING | R8: GOOD | T8: 1902
A9: 600 | O9: =F7 -> WOOD SHINGLES | R9: V.GOOD | T9: 1903
A10: 800 | O10: =G7 -> SYNTH (EPS) | R10: EXCELLENT | T10: 1904
A11: 1000 | O11: RUSTIC LOG | T11: 1905
A12: 1200 | O12: MASONRY VENEER | T12: 1906
A13: 1300 | O13: CONCRETE BLOCK | T13: 1907
A14: 1400 | O14: STUCCO ON BLOCK | T14: 1908
A15: 1500 | O15: COMMON BRICK | T15: 1909
A16: 1600 | O16: POURED CONCRETE (SIP FORMING) | T16: 1910
A17: 1700 | T17: 1911
A18: 1800 | O18: Liste Type | R18: Liste ossature | T18: 1912
A19: 1900 | O19: ONE STORY | R19: STUD FRAMED | T19: 1913
A20: 2000 | O20: TWO STORY | R20: MASONRY | T20: 1914
A21: 2100 | O21: TWO STORY BI-LEVEL | T21: 1915
A22: 2200 | O22: 1/2 STORY | T22: 1916
A23: 2400 | O23: 2 1/2 STORY | T23: 1917
A24: 2600 | O24: SPLIT | T24: 1918
A25: 2800 | T25: 1919
A26: 3000 | T26: 1920
A27: 3200 | T27: 1921
A28: SQUARE FOOT ADJUSTMENTS | T28: 1922
T29: 1923
A30: ROOFING: | F30: ENERGY ADJUSTMENTS: | T30: 1924
T31: 1925
A32: Composition shingle or Built-up, small rock | E32: ( BASE ) | F32: Moderate climate | I32: ( BASE ) | J32: Add for SEISMIC ZONES (Z)/HURRICANE | T32: 1926
A33: Clay tile | E33: 7.84 | F33: Mild climate | I33: -1.37 | J33: Frame (Z2) | L33: 1.94 | T33: 1927
A34: Concrete tile | E34: 4.94 | F34: Extreme climate | I34: 2.21 | J34: Frame (Z3-4/WIND) | L34: 3.05 | T34: 1928
A35: Metal, performed | E35: 1.34 | F35: Superinsulated | I35: 4.59 | J35: WIND ADJUSTEMENTS | T35: 1929
A36: Wood shake | E36: 2.47 | F36: FOUNDATION ADJ: Mod.Climate | I36: ( BASE ) | J36: Masonry (Z2) | L36: 1.76 | T36: 1930
A37: Wood shingle | E37: 2.16 | F37: Mild climate | I37: -2.84 | J37: Masonry (Z3-4/WIND) | L37: 2.6 | T37: 1931
A38: Composition roll | E38: -1.11 | F38: Extreme climate | I38: 5.21 | T38: 1932
F39: Hillside, moderate slope | I39: 2.61 | T39: 1933
F40: Hillside, steep slope | I40: 7.82 | T40: 1934
T41: 1935
A42: =O20 -> TWO STORY | L42: Square Foot Costs | T42: 1936
L43: Average Quality | T43: 1937
T44: 1938
A45: RESIDENCE | T45: 1939
T46: 1940
A47: STUD FRAMED | J47: MASONRY | T47: 1941
A48: TOTAL AREA | B48: PLYWOOD OR HARDBOARD | C48: METAL OR VINYL SIDING | D48: STUCCO | E48: WOOD SIDING | F48: WOOD SHINGLES | G48: SYNTH (EPS) | H48: RUSTIC LOG | I48: MASONRY VENEER | J48: CONCRETE BLOCK | K48: STUCCO ON BLOCK | L48: COMMON BRICK | M48: POURED CONCRETE (SIP FORMING) | T48: 1942
T49: 1943
A50: 600 | T50: 1944
A51: 800 | T51: 1945
A52: 1000 | T52: 1946
A53: 1200 | T53: 1947
A54: 1300 | T54: 1948
A55: 1400 | T55: 1949
A56: 1500 | T56: 1950
A57: 1600 | T57: 1951
A58: 1700 | T58: 1952
A59: 1800 | T59: 1953
A60: 1900 | T60: 1954
A61: 2000 | T61: 1955
... A68: 3200 | T68: 1962
A69: SQUARE FOOT ADJUSTMENTS | T69: 1963
T70: 1964
A71: ROOFING: | F71: ENERGY ADJUSTMENTS: | T71: 1965
T72: 1966
A73: Composition shingle or Built-up, small rock | E73: ( BASE ) | F73: Moderate climate | I73: ( BASE ) | J73: Add for SEISMIC ZONES (Z)/HURRICANE | T73: 1967
A74: Clay tile | F74: Mild climate | J74: Frame (Z2) | T74: 1968
A75: Concrete tile | F75: Extreme climate | J75: Frame (Z3-4/WIND) | T75: 1969
A76: Metal, performed | F76: Superinsulated | J76: WIND ADJUSTEMENTS | T76: 1970
A77: Wood shake | F77: FOUNDATION ADJ: Mod.Climate | I77: ( BASE ) | J77: Masonry (Z2) | T77: 1971
A78: Wood shingle | F78: Mild climate | J78: Masonry (Z3-4/WIND) | T78: 1972
A79: Composition roll | F79: Extreme climate | T79: 1973
F80: Hillside, moderate slope | T80: 1974
F81: Hiillside, steep slope | T81: 1975
T82: 1976
T83: 1977
A84: =O21 -> TWO STORY BI-LEVEL | L84: Square Foot Costs | T84: 1978
L85: Average Quality | T85: 1979
T86: 1980
A87: RESIDENCE | T87: 1981
T88: 1982
A89: STUD FRAMED | J89: MASONRY | T89: 1983
A90: TOTAL AREA | B90: PLYWOOD OR HARDBOARD | C90: METAL OR VINYL SIDING | D90: STUCCO | E90: WOOD SIDING | F90: WOOD SHINGLES | G90: SYNTH (EPS) | H90: RUSTIC LOG | I90: MASONRY VENEER | J90: CONCRETE BLOCK | K90: STUCCO ON BLOCK | L90: COMMON BRICK | M90: POURED CONCRETE (SIP FORMING) | T90: 1984
T91: 1985
A92: 600 | T92: 1986
A93: 800 | T93: 1987
A94: 1000 | T94: 1988
A95: 1200 | T95: 1989
A96: 1300 | T96: 1990
A97: 1400 | T97: 1991
A98: 1500 | T98: 1992
A99: 1600 | T99: 1993
A100: 1700 | T100: 1994
A101: 1800 | T101: 1995
A102: 1900 | T102: 1996
A103: 2000 | T103: 1997
... A110: 3200 | T110: 2004
A111: SQUARE FOOT ADJUSTMENTS | T111: 2005
T112: 2006
A113: ROOFING: | F113: ENERGY ADJUSTMENTS: | T113: 2007
...

Sheet Dép. sujet
A11: RAPPORT D'INSPECTION IMMOBILIÈRE SUR CHANTIER
A13: Nom : | E13: Notre dossier :
A14: À l'attention de : | E14: Rapport numéro :
A15: Adresse : | E15: Date d'inspection :
A16: Ville : | E16: Adresse des travaux :
A17: Clients : | E17: Ville :
B19: ITEM | D19: % | E19: Années | F19: REMARQUES
E20: =Coût!$C$8 -> 1991
A22: 1 | B22: Excavation | D22: 0.02 | E22: =$E$20 -> 1991 | F22: =D22*E22 -> 39.82
A23: 2 | B23: Empattements, drains, fondations | D23: 0.1 | E23: =$E$20 -> 1991 | F23: =D23*E23 -> 199.1
A24: 3 | B24: Charpente | D24: 0.04 | E24: =$E$20 -> 1991 | F24: =D24*E24 -> 79.64
A25: 4 | B25: Toit - brut - solives | D25: 0.05 | E25: =$E$20 -> 1991 | F25: =D25*E25 -> 99.55
A26: 5 | B26: Préparation et plancher du sous-sol | F26: =D26*E26 -> 0
B27: ou dalle au sol | D27: 0.03 | E27: =$E$20 -> 1991 | F27: =D27*E27 -> 59.73
A28: 6 | B28: Partitions intérieures - brut | D28: 0.02 | E28: =$E$20 -> 1991 | F28: =D28*E28 -> 39.82
A29: 7 | B29: Planchers - brut | D29: 0.05 | E29: =$E$20 -> 1991 | F29: =D29*E29 -> 99.55
A30: 8 | B30: Électricité - brut | D30: 0.03 | E30: =$E$20 -> 1991 | F30: =D30*E30 -> 59.73
A31: 9 | B31: Plomberie - brut | D31: 0.04 | E31: =$E$20 -> 1991 | F31: =D31*E31 -> 79.64
A32: 10 | B32: Chauffage et climatisation - brut | D32: 0.04 | E32: =$E$20 -> 1991 | F32: =D32*E32 -> 79.64
A33: 11 | B33: Isolation | D33: 0.02 | E33: =$E$20 -> 1991 | F33: =D33*E33 -> 39.82
A34: 12 | B34: Égouts | D34: 0.02 | E34: =$E$20 -> 1991 | F34: =D34*E34 -> 39.82
A35: 13 | B35: Fenêtres | D35: 0.05 | E35: =$E$20 -> 1991 | F35: =D35*E35 -> 99.55
A36: 14 | B36: Portes extérieures | D36: 0.02 | E36: =$E$20 -> 1991 | F36: =D36*E36 -> 39.82
A37: 15 | B37: Parement extérieur | D37: 0.07 | E37: =$E$20 -> 1991 | F37: =D37*E37 -> 139.37
A38: 16 | B38: Partitions intérieures - finition | D38: 0.03 | E38: =$E$20 -> 1991 | F38: =D38*E38 -> 59.73
A39: 17 | B39: Plafonds - finition | D39: 0.03 | E39: =$E$20 -> 1991 | F39: =D39*E39 -> 59.73
A40: 18 | B40: Portes intérieures | D40: 0.02 | E40: =$E$20 -> 1991 | F40: =D40*E40 -> 39.82
A41: 19 | B41: Armoires de cuisine, vanités de salle | F41: =D41*E41 -> 0
B42: de bain, boiseries et escalier intérieur | D42: 0.09 | E42: =$E$20 -> 1991 | F42: =D42*E42 -> 179.19
A43: 20 | B43: Toit - recouvrement | D43: 0.03 | E43: =$E$20 -> 1991 | F43: =D43*E43 -> 59.73
A44: 21 | B44: Peinture intérieure | D44: 0.03 | E44: =$E$20 -> 1991 | F44: =D44*E44 -> 59.73
A45: 22 | B45: Planchers - finition | D45: 0.06 | E45: =$E$20 -> 1991 | F45: =D45*E45 -> 119.46
A46: 23 | B46: Électricité - fixtures | D46: 0.01 | E46: =$E$20 -> 1991 | F46: =D46*E46 -> 19.91
A47: 24 | B47: Plomberies - accessoires | D47: 0.03 | E47: =$E$20 -> 1991 | F47: =D47*E47 -> 59.73
A48: 25 | B48: Chauffage - fonctionnement | D48: 0.01 | E48: =$E$20 -> 1991 | F48: =D48*E48 -> 19.91
A49: 26 | B49: Divers (spécifiez) | D49: 0.06 | E49: =$E$20 -> 1991 | F49: =D49*E49 -> 119.46
E51: Âge effectif | F51: =ROUNDUP(SUM(F22:F50),0) -> 1991
F52: =YEAR(Coût!B3)-'Dép. sujet'!F51 -> 26 | G52: ans
B54: Visité par:
B56: Approuvé par: _____________________________________

Sheet DEP
A1: EFFECTIVE AGE IN YEARS | C1: TYPICAL LIFE EXPECTANCY IN YEARS
C2: 70 | D2: 65 | E2: 60 | F2: 55 | G2: 50 | H2: 45 | I2: 40 | J2: 35 | K2: 30 | L2: 25 | M2: 20
C3: DEPRECIATION-PERCENTAGE
A4: 1 | C4: 0 | D4: 0 | E4: 0 | F4: 0.01 | G4: 0.01 | H4: 0.01 | I4: 0.01 | J4: 0.02 | K4: 0.02 | L4: 0.03 | M4: 0.03
A5: 2 | C5: 0.01 | D5: 0.01 | E5: 0.01 | F5: 0.02 | G5: 0.02 | H5: 0.02 | I5: 0.03 | J5: 0.04 | K5: 0.04 | L5: 0.06 | M5: 0.07
A6: 3 | C6: 0.01 | D6: 0.02 | E6: 0.02 | F6: 0.02 | G6: 0.03 | H6: 0.03 | I6: 0.04 | J6: 0.05 | K6: 0.06 | L6: 0.09 | M6: 0.11
A7: 4 | C7: 0.02 | D7: 0.02 | E7: 0.03 | F7: 0.03 | G7: 0.04 | H7: 0.04 | I7: 0.05 | J7: 0.07 | K7: 0.09 | L7: 0.12 | M7: 0.15
A8: 5 | C8: 0.02 | D8: 0.03 | E8: 0.04 | F8: 0.04 | G8: 0.05 | H8: 0.06 | I8: 0.07 | J8: 0.09 | K8: 0.12 | L8: 0.15 | M8: 0.2
A9: 6 | C9: 0.03 | D9: 0.04 | E9: 0.04 | F9: 0.05 | G9: 0.06 | H9: 0.07 | I9: 0.09 | J9: 0.11 | K9: 0.14 | L9: 0.18 | M9: 0.24
A10: 7 | C10: 0.04 | D10: 0.05 | E10: 0.05 | F10: 0.06 | G10: 0.07 | H10: 0.08 | I10: 0.1 | J10: 0.13 | K10: 0.17 | L10: 0.22 | M10: 0.28
A11: 8 | C11: 0.04 | D11: 0.05 | E11: 0.06 | F11: 0.07 | G11: 0.08 | H11: 0.1 | I11: 0.12 | J11: 0.15 | K11: 0.19 | L11: 0.25 | M11: 0.33
A12: 9 | C12: 0.05 | D12: 0.06 | E12: 0.07 | F12: 0.08 | G12: 0.1 | H12: 0.11 | I12: 0.14 | J12: 0.17 | K12: 0.22 | L12: 0.29 | M12: 0.38
A13: 10 | C13: 0.05 | D13: 0.07 | E13: 0.08 | F13: 0.09 | G13: 0.11 | H13: 0.13 | I13: 0.16 | J13: 0.2 | K13: 0.25 | L13: 0.32 | M13: 0.43
A14: 11 | C14: 0.06 | D14: 0.08 | E14: 0.09 | F14: 0.1 | G14: 0.12 | H14: 0.14 | I14: 0.18 | J14: 0.22 | K14: 0.28 | L14: 0.36 | M14: 0.48
A15: 12 | C15: 0.07 | D15: 0.09 | E15: 0.1 | F15: 0.11 | G15: 0.13 | H15: 0.01 | I15: 0.2 | J15: 0.24 | K15: 0.31 | L15: 0.4 | M15: 0.53
... A25: 22 | C25: 0.14 | D25: 0.17 | E25: 0.2 | F25: 0.23 | G25: 0.28 | H25: 0.34 | I25: 0.42 | J25: 0.51 | K25: 0.62 | L25: 0.76 | M25: 0.8
A26: 23 | C26: 0.15 | D26: 0.19 | E26: 0.21 | F26: 0.24 | G26: 0.29 | H26: 0.36 | I26: 0.44 | J26: 0.54 | K26: 0.65 | L26: 0.77
A27: 24 | C27: 0.16 | D27: 0.2 | E27: 0.23 | F27: 0.26 | G27: 0.31 | H27: 0.38 | I27: 0.47 | J27: 0.57 | K27: 0.68 | L27: 0.79
A28: 25 | C28: 0.17 | D28: 0.21 | E28: 0.24 | F28: 0.27 | G28: 0.33 | H28: 0.4 | I28: 0.5 | J28: 0.6 | K28: 0.71 | L28: 0.8
A29: 26 | C29: 0.18 | D29: 0.22 | E29: 0.25 | F29: 0.29 | G29: 0.35 | H29: 0.43 | I29: 0.52 | J29: 0.62 | K29: 0.74 | L29: 0.8
A30: 27 | C30: 0.19 | D30: 0.23 | E30: 0.26 | F30: 0.31 | G30: 0.37 | H30: 0.45 | I30: 0.55 | J30: 0.65 | K30: 0.75
A31: 28 | C31: 0.2 | D31: 0.24 | E31: 0.28 | F31: 0.33 | G31: 0.39 | H31: 0.47 | I31: 0.57 | J31: 0.68 | K31: 0.77
A32: 29 | C32: 0.21 | D32: 0.26 | E32: 0.29 | F32: 0.34 | G32: 0.41 | H32: 0.49 | I32: 0.59 | J32: 0.7 | K32: 0.78
A33: 30 | C33: 0.22 | D33: 0.27 | E33: 0.31 | F33: 0.36 | G33: 0.44 | H33: 0.52 | I33: 0.62 | J33: 0.71 | K33: 0.79
A34: 31 | C34: 0.23 | D34: 0.28 | E34: 0.32 | F34: 0.38 | G34: 0.46 | H34: 0.54 | I34: 0.64 | J34: 0.72 | K34: 0.79
A35: 32 | C35: 0.24 | D35: 0.29 | E35: 0.34 | F35: 0.4 | G35: 0.47 | H35: 0.56 | I35: 0.67 | J35: 0.74 | K35: 0.8
A36: 33 | C36: 0.25 | D36: 0.31 | E36: 0.35 | F36: 0.42 | G36: 0.49 | H36: 0.58 | I36: 0.69 | J36: 0.75
A37: 34 | C37: 0.27 | D37: 0.32 | E37: 0.37 | F37: 0.44 | G37: 0.51 | H37: 0.6 | I37: 0.71 | J37: 0.77
A38: 35 | C38: 0.28 | D38: 0.34 | E38: 0.38 | F38: 0.45 | G38: 0.53 | H38: 0.62 | I38: 0.72 | J38: 0.78
A39: 36 | C39: 0.29 | D39: 0.35 | E39: 0.4 | F39: 0.47 | G39: 0.55 | H39: 0.65 | I39: 0.74 | J39: 0.79
A40: 37 | C40: 0.3 | D40: 0.37 | E40: 0.41 | F40: 0.49 | G40: 0.57 | H40: 0.67 | I40: 0.76 | J40: 0.79
A41: 38 | C41: 0.32 | D41: 0.38 | E41: 0.43 | F41: 0.51 | G41: 0.59 | H41: 0.69 | I41: 0.77 | J41: 0.8
A42: 39 | C42: 0.33 | D42: 0.4 | E42: 0.45 | F42: 0.53 | G42: 0.61 | H42: 0.7 | I42: 0.78
A43: 40 | C43: 0.35 | D43: 0.41 | E43: 0.47 | F43: 0.55 | G43: 0.63 | H43: 0.72 | I43: 0.79
A44: 41 | C44: 0.36 | D44: 0.43 | E44: 0.49 | F44: 0.57 | G44: 0.64 | H44: 0.73 | I44: 0.79
A45: 42 | C45: 0.38 | D45: 0.45 | E45: 0.51 | F45: 0.59 | G45: 0.66 | H45: 0.75 | I45: 0.8
A46: 43 | C46: 0.39 | D46: 0.47 | E46: 0.52 | F46: 0.6 | G46: 0.67 | H46: 0.76
A47: 44 | C47: 0.41 | D47: 0.48 | E47: 0.54 | F47: 0.62 | G47: 0.69 | H47: 0.77
A48: 45 | C48: 0.42 | D48: 0.5 | E48: 0.55 | F48: 0.63 | G48: 0.7 | H48: 0.78
A49: 46 | C49: 0.44 | D49: 0.51 | E49: 0.57 | F49: 0.65 | G49: 0.72 | H49: 0.79
A50: 47 | C50: 0.45 | D50: 0.53 | E50: 0.59 | F50: 0.66 | G50: 0.73 | H50: 0.79
A51: 48 | C51: 0.46 | D51: 0.54 | E51: 0.61 | F51: 0.68 | G51: 0.75 | H51: 0.8
A52: 49 | C52: 0.47 | D52: 0.56 | E52: 0.62 | F52: 0.69 | G52: 0.76
A53: 50 | C53: 0.49 | D53: 0.57 | E53: 0.64 | F53: 0.71 | G53: 0.77
A54: 51 | C54: 0.51 | D54: 0.58 | E54: 0.65 | F54: 0.72 | G54: 0.78
A55: 52 | C55: 0.52 | D55: 0.6 | E55: 0.66 | F55: 0.73 | G55: 0.78
A56: 53 | C56: 0.54 | D56: 0.61 | E56: 0.68 | F56: 0.75 | G56: 0.79
A57: 54 | C57: 0.55 | D57: 0.63 | E57: 0.69 | F57: 0.76 | G57: 0.79
A58: 55 | C58: 0.57 | D58: 0.64 | E58: 0.7 | F58: 0.77 | G58: 0.8
A59: 56 | C59: 0.58 | D59: 0.65 | E59: 0.71 | F59: 0.78
A60: 57 | C60: 0.6 | D60: 0.66 | E60: 0.72 | F60: 0.78
A61: 58 | C61: 0.61 | D61: 0.67 | E61: 0.72 | F61: 0.79
A62: 59 | C62: 0.63 | D62: 0.68 | E62: 0.73 | F62: 0.79
A63: 60 | C63: 0.64 | D63: 0.69 | E63: 0.74 | F63: 0.8
A64: 61 | C64: 0.65 | D64: 0.7 | E64: 0.75
A65: 62 | C65: 0.67 | D65: 0.71 | E65: 0.76
A66: 63 | C66: 0.68 | D66: 0.72 | E66: 0.76
A67: 64 | C67: 0.7 | D67: 0.73 | E67: 0.77
A68: 65 | C68: 0.71 | D68: 0.74 | E68: 0.78
A69: 70 | C69: 0.76 | D69: 0.78 | E69: 0.8
A70: 75 | C70: 0.8 | D70: 0.8

Sheet Multipliers
A1: QUARTERLY MULTIPLIERS | K1: LOCAL MUTLIPLIERS
A4: DECEMBER 2016
A6: Pages | D6: PUB. DATE | E6: EASTERN | G6: CENTRAL | I6: WESTERN | M6: FRAME | N6: MASONRY
K7: Quebec | M7: 1.22 | N7: 1.26
A8: Section A | E8: FRAME | F8: MASONRY | G8: FRAME | H8: MASONRY | I8: FRAME | J8: MASONRY | K8: Chicoutimi | M8: 1.22 | N8: 1.27
A9: LOW | D9: 12/15 | E9: 1 | F9: 1.02 | K9: Drummondville | M9: 1.22 | N9: 1.26
A10: FAIR | D10: 12/15 | E10: 1 | F10: 1.02 | K10: Granby | M10: 1.2 | N10: 1.24
A11: AVG | D11: 12/15 | E11: 1 | F11: 1.02 | K11: Hull | M11: 1.3 | N11: 1.37
A12: GOOD | D12: 12/15 | E12: 1 | F12: 1.02 | K12: Joliette | M12: 1.2 | N12: 1.24
A13: V.GOOD | D13: 12/15 | E13: 1 | F13: 1.02 | K13: Jonquiere | M13: 1.14 | N13: 1.12
A14: EXCEL. | D14: 12/15 | E14: 1 | F14: 1.02 | K14: Laval | M14: 1.22 | N14: 1.27
K15: Montréal | M15: 1.23 | N15: 1.27
K16: Quebec | M16: 1.17 | N16: 1.21
K17: Rimouski | M17: 1.22 | N17: 1.25
K18: Rouyn-Noranda | M18: 1.36 | N18: 1.41
K19: Sept Iles | M19: 1.15 | N19: 1.17
K20: Sherbrooke | M20: 1.21 | N20: 1.27
K21: Sorel | M21: 1.21 | N21: 1.25
K22: Saint-Hyacinthe | M22: 1.22 | N22: 1.27
K23: St-Jerome | M23: 1.22 | N23: 1.27
K24: Trois-Rivières | M24: 1.24 | N24: 1.29
K25: Val d'Or | M25: 1.29 | N25: 1.27
